 Dungeon Crawl Stone Soup version 0.30-a0-585-g93115170b9 (webtiles) character file.

Game seed: 671852529510482158

609904 scionoferis the Wrestler (level 26, -1/198 HPs)
             Began as a Purple Draconian Monk on Dec 31, 2022.
             Was a High Priest of Wu Jian.
             Killed from afar by a yellow draconian annihilator (59 damage)
             ... with an iron shot
             ... led by a yellow draconian annihilator
             ... on level 5 of the Realm of Zot on Jan 2, 2023.
             The game lasted 05:20:15 (91452 turns).

scionoferis the Wrestler (Purple Draconian Monk)   Turns: 91452, Time: 05:20:15

Health: -1/198     AC: 16    Str: 19    XL:     26   Next: 73%
Magic:  27/37      EV: 23    Int: 21    God:    Wu Jian [*****.]
Gold:   5355       SH:  0    Dex: 12    Spells: 24/55 levels left

rFire   + . .      SeeInvis +      - Unarmed
rCold   + + +      Faith    .    (shield currently unavailable)
rNeg    + . .      Spirit   .    (body armour unavailable)
rPois   +          Reflect  .    w - +3 hat "Goulafiq" {rElec rC+ rCorr Str-4 Int+6}
rElec   +          Harm     .    m - +2 cloak {rPois}
rCorr   +          Rampage  .    (gloves currently unavailable)
Will    +++..                    g - +1 pair of boots {Fly}
Stlth   ++++                     p - amulet "Qamneppi" {rC+ Regen+}
HPRegen 1.33/turn                v - ring of the Stag {rF+ rN+ EV+5 Int-4 SInv}
MPRegen 0.25/turn                M - +4 ring of protection

@: exhausted, blade hands (expiring), corroded, flying, studying Necromancy
A: breathe power, AC +12, unfitting armour, cold-blooded, clever 1, cold
resistance 1, frail 1, low MP 1, strong 1, MP-powered wands
}: 3/15 runes: serpentine, barnacled, slimy
a: Breathe Dispelling Energy, End Transformation, Renounce Religion, Wall Jump,
Serpent's Lash, Heavenly Storm


You were on level 5 of the Realm of Zot.
You worshipped Wu Jian.
Wu Jian was extremely pleased with you.
You had blades for hands.
You visited 12 branches of the dungeon, and saw 55 of its levels.
You also visited: Bailey, Gauntlet, Ice Cave and Desolation.

You collected 7357 gold pieces.
You spent 2002 gold pieces at shops.


Innate Abilities, Weirdness & Mutations

You have blades for hands.
Your spellcasting is less reliable in this form.
You are incapable of wielding weapons or throwing items.
You can breathe bolts of dispelling energy.
Your rich purple scales are hard. (AC +12)
You cannot fit into any form of body armour.
You are cold-blooded and may be slowed by cold attacks.
Your mind is acute. (Int +4, Str/Dex -1)
Your flesh is cold resistant. (rC+)
You are frail. (-10% HP)
Your magical capacity is low. (-10% MP)
Your muscles are strong. (Str +4, Int/Dex -1)
You expend magic power (3 MP) to strengthen your wands.


   Skills:
 - Level 15.0 Fighting
 - Level 15.0 Throwing
 - Level 15.0 Dodging
 - Level 10.0 Stealth
 * Level 26.3 Unarmed Combat
 - Level 15.0 Spellcasting
 + Level 17.4 Necromancy
 - Level 6.0 Translocations
 * Level 16.7 Transmutations
 - Level 6.0 Air Magic
 - Level 14.0 Earth Magic
 - Level 12.0 Evocations


You had 24 spell levels left.
You knew the following spells:

 Your Spells              Type           Power      Damage    Failure   Level
a - Beastly Appendage     Tmut           100%       N/A       3%          1
b - Wereblood             Tmut           72%        N/A       3%          2
c - Blade Hands           Tmut           36%        N/A       7%          5
d - Blink                 Tloc           80%        N/A       12%         2
e - Statue Form           Tmut/Erth      46%        N/A       16%         6
f - Vhi's Electric Charg  Tloc/Air       80%        N/A       16%         3
g - Necromutation         Tmut/Necr      36%        N/A       65%         8
h - Apportation           Tloc           80%        N/A       10%         1
i - Lesser Beckoning      Tloc           80%        N/A       16%         3

Your spell library contained the following spells:

 Spells                   Type           Power      Damage    Failure   Level
 Necrotise                Necr           100%       1d9       3%          1
 Sandblast                Erth           100%       2d20      3%          1
 Passwall                 Tmut/Erth      57%        N/A       3%          2
 Vampiric Draining        Necr           73%        2d11      3%          3
 Dispel Undead            Necr           73%        3d24      4%          4
 Petrify                  Tmut/Erth      69%        N/A       6%          4
 Kiss of Death            Conj/Necr      100%       2d13      7%          1
 Agony                    Necr           73%        N/A       7%          5
 Sting                    Tmut/Pois      100%       1d8       8%          1
 Cigotuvi's Dreadful Rot  Necr/Pois/Air  96%        N/A       10%         2
 Spider Form              Tmut/Pois      50%        N/A       11%         3
 Lee's Rapid Deconstruct  Erth           32%        3d17*     11%         5
 Death Channel            Necr           36%        N/A       12%         6
 Stone Arrow              Conj/Erth      90%        3d12      13%         3
 Shock                    Conj/Air       100%       1d9       16%         1
 Gell's Gravitas          Tloc           40%        N/A       16%         3
 Anguish                  Hex/Necr       25%        N/A       16%         4
 Ice Form                 Ice/Tmut       50%        N/A       17%         4
 Momentum Strike          Conj/Tloc      56%        3d9       19%         2
 Poisonous Vapours        Pois/Air       56%        N/A       19%         2
 Static Discharge         Conj/Air       56%        2-5/arc   19%         2
 Kindle Blastsparks       Fire/Tloc/Air  64%        2d15      22%         3
 Leda's Liquefaction      Hex/Erth       22%        N/A       22%         4
 Portal Projectile        Hex/Tloc       56%        N/A       26%         3
 Manifold Assault         Tloc           40%        N/A       26%         4
 Passage of Golubria      Tloc           40%        N/A       26%         4
 Dragon Form              Tmut           36%        N/A       26%         7
 Magic Dart               Conj           60%        1d6       28%         1
 Slow                     Hex            60%        N/A       28%         1
 Summon Small Mammal      Summ           60%        N/A       28%         1
 Alistair's Intoxication  Tmut/Pois      33%        N/A       28%         5
 Yara's Violent Unravell  Hex/Tmut       25%        3d11      28%         5
 Mephitic Cloud           Conj/Pois/Air  24%        N/A       32%         3
 Call Imp                 Summ           15%        N/A       36%         2
 Ensorcelled Hibernation  Hex/Ice        30%        N/A       36%         2
 Iskenderun's Mystic Bla  Conj/Tloc      28%        2d7       47%         4
 Call Canine Familiar     Summ           15%        N/A       50%         3
 Dazzling Flash           Conj/Hex       30%        N/A       50%         3
 Frozen Ramparts          Ice            30%        1d5       50%         3
 Hailstorm                Conj/Ice       15%        3d5       50%         3
 Ozocubu's Armour         Ice            15%        N/A       50%         3
 Summon Guardian Golem    Hex/Summ       15%        N/A       50%         3
 Tukima's Dance           Hex            15%        N/A       50%         3
 Simulacrum               Ice/Necr       25%        N/A       58%         6
 Eringya's Noxious Bog    Tmut/Pois      25%        N/A       61%         6
 Borgnjor's Revivificati  Necr           36%        N/A       63%         8
 Infestation              Necr           36%        N/A       63%         8
 Arcjolt                  Conj/Air       14%        1d24      73%         5
 Lightning Bolt           Conj/Air       14%        1d27      73%         5
 Silence                  Hex/Air        14%        N/A       73%         5
 Storm Form               Tmut/Air       29%        N/A       73%         7
 Iron Shot                Conj/Erth      22%        9d5       75%         6
 Cause Fear               Hex            7%         N/A       78%         4
 Fulminant Prism          Conj/Hex       7%         3d7       78%         4
 Olgreb's Toxic Radiance  Pois           15%        N/A       78%         4
 Sticky Flame             Conj/Fire      15%        2d4       78%         4
 Summon Ice Beast         Ice/Summ       15%        N/A       78%         4
 Freezing Cloud           Conj/Ice/Air   12%        6-21      83%         5
 Dispersal                Tloc           20%        N/A       85%         6
 Haunt                    Necr/Summ      25%        N/A       95%         7
 Fireball                 Conj/Fire      7%         3d5       96%         5
 Metabolic Englaciation   Hex/Ice        7%         N/A       96%         5
 Summon Mana Viper        Hex/Summ       15%        N/A       96%         5
 Conjure Ball Lightning   Conj/Air       14%        3x3d6     99%         6
 Starburst                Conj/Fire      7%         6d4       100%        6
 Enfeeble                 Hex            7%         N/A       100%        7
 Monstrous Menagerie      Summ           7%         N/A       100%        7
 Ozocubu's Refrigeration  Ice            7%         4d9       100%        7
 Discord                  Hex            7%         N/A       100%        8
 Disjunction              Tloc           20%        N/A       100%        8
 Lehudib's Crystal Spear  Conj/Erth      22%        10d6      100%        8
 Chain Lightning          Conj/Air       14%        3d18      100%        9
 Death's Door             Necr           36%        N/A       100%        9
 Dragon's Call            Summ           7%         N/A       100%        9
 Polar Vortex             Ice            7%         N/A       100%        9

Inventory:

Missiles
 A - 33 javelins
 E - 84 boomerangs
 I - 15 curare-tipped darts
 O - 3 silver boomerangs
 Q - 13 throwing nets
 Z - 26 silver javelins (quivered)
Armour
 g - a +1 pair of boots of flying (worn)
   (You found it on level 2 of the Lair of Beasts)
 m - a +2 cloak of poison resistance (worn)
   (You bought it in a shop on level 4 of the Vaults)
 n - the +2 pair of gloves "Onoxecui" (melded) {+Inv Fly}
   (You acquired it on level 2 of the Crypt)

   +Inv:      It lets you turn invisible.
   Fly:       It grants you flight.
 w - the +3 hat "Goulafiq" (worn) {rElec rC+ rCorr Str-4 Int+6}
   (You bought it in a shop on level 1 of the Depths)

   Str:       It affects your strength (-4).
   Int:       It affects your intelligence (+6).
   rC:        It protects you from cold.
   rElec:     It insulates you from electricity.
   rCorr:     It protects you from acid and corrosion.
 T - a scarf of repulsion
   (You found it on level 4 of the Shoals)
Jewellery
 d - the ring "Reor" {rPois rF+ rN+ SInv}
   (You found it in a Gauntlet)

   [ring of see invisible]

   rF:        It protects you from fire.
   rPois:     It protects you from poison.
   rN:        It protects you from negative energy.
   SInv:      It lets you see invisible.
 p - the amulet "Qamneppi" (around neck) {rC+ Regen+}
   (You found it in the Desolation of Salt)

   [amulet of regeneration]

   rC:        It protects you from cold.
   Regen:     It increases your rate of health regeneration.
 v - the ring of the Stag (left blade hand) {rF+ rN+ EV+5 Int-4 SInv}
   (You found it on level 4 of the Lair of Beasts)

   [ring of evasion]

   EV:        It affects your evasion (+5).
   Int:       It affects your intelligence (-4).
   rF:        It protects you from fire.
   rN:        It protects you from negative energy.
   SInv:      It lets you see invisible.
 L - the ring "Saawyl" {+Blink rF+ rN+ Int-3}
   (You found it on level 3 of the Crypt)

   [ring of positive energy]

   Int:       It affects your intelligence (-3).
   rF:        It protects you from fire.
   rN:        It protects you from negative energy.
   +Blink:    It lets you blink.
 M - a +4 ring of protection (right blade hand)
   (You found it on level 5 of the Pits of Slime)
 X - the ring "Zeteskar" {rC+ rCorr}
   (You found it on level 5 of the Pits of Slime)

   [ring of protection from cold]

   rC:        It protects you from cold.
   rCorr:     It protects you from acid and corrosion.
 Y - the ring of Rotu {rC+ MP+9 Str-3 Dex+6 Slay+2}
   (You found it on level 3 of the Crypt)

   [ring of dexterity]

   Str:       It affects your strength (-3).
   Dex:       It affects your dexterity (+6).
   Slay:      It affects your accuracy & damage with ranged weapons and melee
   (+2).
   rC:        It protects you from cold.
   MP:        It affects your magic capacity (+9).
Wands
 e - a wand of light (12)
   (You found it on level 13 of the Dungeon)
 j - a wand of iceblast (74)
   (You found it on level 3 of the Dungeon)
 r - a wand of paralysis (18)
   (You bought it in a shop on level 2 of the Orcish Mines)
 x - a wand of digging (34)
   (You found it on level 6 of the Dungeon)
 V - a wand of mindburst (27)
   (You found it on level 4 of the Shoals)
Scrolls
 b - a scroll of enchant weapon
 c - 4 scrolls of magic mapping
 h - 20 scrolls of teleportation
 o - a scroll of enchant armour
 q - 10 scrolls of fog
 C - 12 scrolls of fear
 P - 3 scrolls of blinking
 R - 2 scrolls of silence
Potions
 a - 3 potions of ambrosia
 i - 16 potions of curing
 l - a potion of haste
 s - a potion of flight
 B - 9 potions of invisibility
 F - 4 potions of cancellation
 G - 8 potions of might
 J - 3 potions of resistance
 U - 5 potions of brilliance
 W - 3 potions of mutation
Miscellaneous
 f - a tin of tremorstones (2/2)
   (You found it in a Gauntlet)
 u - a lightning rod (4/4)
   (You found it on level 3 of the Elven Halls)
 y - a phial of floods
   (You found it in a Gauntlet)
 z - a condenser vane
   (You found it on level 3 of the Elven Halls)
 D - a box of beasts
   (You found it on level 3 of the Elven Halls)
 K - a phantom mirror
   (You found it on level 4 of the Lair of Beasts)

Dungeon Overview and Level Annotations

Branches:
Dungeon (15/15)            Temple (1/1) D:5            Lair (5/5) D:11
 Shoals (4/4) Lair:3        Snake (4/4) Lair:2        Slime (5/5) Lair:4
    Orc (2/2) D:10            Elf (3/3) Orc:2        Vaults (4/5) D:14
  Crypt (3/3) Vaults:2       Tomb (0/3) Crypt:3      Depths (4/4) D:15
    Zot (5/5) Depths:4     Bailey (visited)           IceCv (visited)
Desolation (visited)      Gauntlet (visited)

Altars:
Ashenzari
Cheibriados
Dithmenos
Elyvilon
Fedhas
Gozag
Hepliaklqana
Kikubaaqudgha
Makhleb
Nemelex Xobeh
Okawaru
Qazlal
Ru
Sif Muna
Trog
Uskayaw
Vehumet
Wu Jian
Xom
Yredelemnul
Zin
The Shining One
Jiyva

Shops:
D:5 *   Orc:2 ([*=   Elf:2 :   Snake:1 =::   Snake:3 **   Vaults:4 [
Depths:1 [   Depths:3 !

Portals:
Hell: Depths:1 Depths:2 Depths:3 Depths:4
Abyss: Depths:3 Depths:4
Pandemonium: Depths:2
Ziggurat: Depths:3

Annotations:
Elf:2 3 runed translucent doors
Vaults:5 ! DANGER

▓▓...........^.^.,,,,,,,,*
▓..............,,,,,,,,,,*
▓..............,,,,,,,,,,*
*▓.............,,,,,,,,,**
*▓..§....)....,,,,,,,***
*▓......°..,,,,,,****
▓▓...f.##▓▓▓▓▓▓▓▓▓▓▓#
##.......[.......)...###
##......@§.§.°...[##[...#
##..q....§.).?......###.^.
#....))...§...§....^.###..
#....qf........!.....# ##.
#.....)....=.........# #.
#.......f............# ##
#^.........§.........# #
#........§^..........# ##
##.^.....q..........## #.


You could see 2 draconians, a deathcap (summoned) and 2 wandering mushrooms.


Message History

Removed exclusion.
Found 30 gold pieces.
Your transformation is almost over.
You lunge at the Orb Guardian, in a flurry of attacks.
You hit the Orb Guardian.
Your tail-slap misses the Orb Guardian.
The Orb Guardian is lightly wounded.
You shred the Orb Guardian!!!
You tail-slap the Orb Guardian, but do no damage.
Your slash misses the Orb Guardian.
The Orb Guardian is almost dead.
You hear a deafening roar!
You hear a roar!
The Orb Guardian hits you!! x2
You see here 30 gold pieces.
You slice the Orb Guardian!!
You kill the Orb Guardian!
The Council accepts your kill.
Your Unarmed Combat skill increases to level 26!
You now have 5355 gold pieces (gained 30).
Your hands revert to their normal proportions.
The +2 pair of gloves "Onoxecui" {+Inv Fly} unmelds from your body.
You feel rather light.
You start resting.
HP restored.
Found a scroll of identify and a potion of heal wounds.
A moth of wrath and a tentacled monstrosity come into view.
Casting: Blade Hands (safe; 1% risk of failure)
Confirm with . or Enter, or press ? or * to list all spells.
Your hands turn into razor-sharp scythe blades.
The +2 pair of gloves "Onoxecui" {+Inv Fly} melds into your body.
The moth of wrath's fur bristles in rage as it notices you.
A moth of wrath comes into view.
Found a potion of curing and a small cabochon ring.
A tentacled monstrosity comes into view.
Found a potion of berserk rage.
You lunge at the tentacled monstrosity, in a flurry of attacks.
You slash the tentacled monstrosity!
You tail-slap the tentacled monstrosity, but do no damage.
You slash the tentacled monstrosity.
The tentacled monstrosity is lightly wounded.
You completely miss the tentacled monstrosity.
The tentacled monstrosity is lightly wounded.
The moth of wrath goads the tentacled monstrosity on!
The tentacled monstrosity goes berserk!
The tentacled monstrosity tentacle-slaps you but does no damage. x3
The tentacled monstrosity completely misses you.
Unknown command.
You lunge at the moth of wrath, in a flurry of attacks.
You shred the moth of wrath!!!!
You kill the moth of wrath!
The Council accepts your kill.
You spin and attack the tentacled monstrosity repeatedly.
You slice the tentacled monstrosity!! You slash the tentacled monstrosity!
The tentacled monstrosity is moderately wounded.
You shred the tentacled monstrosity!!!
You slash the tentacled monstrosity, but do no damage.
The tentacled monstrosity is severely wounded.
You hear a roar! x3
A moth of wrath comes into view.
The tentacled monstrosity tentacle-slaps you!
The tentacled monstrosity tentacle-slaps you but does no damage. x2
The tentacled monstrosity grabs you.
The tentacled monstrosity constricts you.
You escape the tentacled monstrosity's grasp.
You spin and attack the tentacled monstrosity repeatedly.
You slash the tentacled monstrosity! You slash the tentacled monstrosity.
The tentacled monstrosity is severely wounded.
You slash the tentacled monstrosity!
You tail-slap the tentacled monstrosity, but do no damage.
The tentacled monstrosity is severely wounded.
The tentacled monstrosity misses you. x2
The tentacled monstrosity tentacle-slaps you but does no damage.
The tentacled monstrosity grabs you.
The tentacled monstrosity constricts you.
You slice the tentacled monstrosity!!
The tentacled monstrosity is almost dead.
The tentacled monstrosity tentacle-slaps you! x2
The tentacled monstrosity misses you.
The tentacled monstrosity constricts you.
You hit the tentacled monstrosity.
You tail-slap the tentacled monstrosity.
The tentacled monstrosity is poisoned.
The tentacled monstrosity is almost dead.
The tentacled monstrosity tentacle-slaps you! x3
The tentacled monstrosity constricts you.
An Orb Guardian comes into view.
The tentacled monstrosity's grasp on you weakens, but your attempt to escape fails.
The tentacled monstrosity misses you.
The tentacled monstrosity tentacle-slaps you but does no damage.
The tentacled monstrosity closely misses you.
The tentacled monstrosity constricts you.
A black draconian comes into view. It is wielding a +0 flail.
You hit the tentacled monstrosity.
The tentacled monstrosity is almost dead.
The tentacled monstrosity closely misses you.
The tentacled monstrosity tentacle-slaps you but does no damage. x2
The tentacled monstrosity constricts you.
You slash the tentacled monstrosity!
You tail-slap the tentacled monstrosity.
You slash the tentacled monstrosity.
You kill the tentacled monstrosity!
The Council accepts your kill. The moth of wrath closely misses you.
An Orb Guardian comes into view.
You slice the moth of wrath!! You tail-slap the moth of wrath.
You slash the moth of wrath!
You kill the moth of wrath!
The Council accepts your kill.
You shred the moth of wrath!!!
You kill the moth of wrath!
The Council accepts your kill.
You hear a roar! x2
A black draconian comes into view.
It is wielding a +0 halberd of holy wrath.
The black draconian breathes lightning at you.
The bolt of lightning misses you.
You hear a shout! x2
The tentacled monstrosity attacks as you move away!
The tentacled monstrosity tentacle-slaps you but does no damage. x2
The tentacled monstrosity tentacle-slaps you.
The tentacled monstrosity barely misses you.
A green draconian comes into view. It is wielding a +0 scimitar.
The tentacled monstrosity attacks as you move away!
The tentacled monstrosity tentacle-slaps you but does no damage. x2
The tentacled monstrosity tentacle-slaps you.
You slash the Orb Guardian!
You tail-slap the Orb Guardian, but do no damage.
The Orb Guardian is lightly wounded.
The Orb Guardian barely misses you.
An electric golem comes into view.
You shred the Orb Guardian!!!
Your tail-slap misses the Orb Guardian.
Your slash misses the Orb Guardian.
The Orb Guardian is heavily wounded.
The Orb Guardian hits you but does no damage.
You shred the Orb Guardian!!!
You kill the Orb Guardian!
The Council accepts your kill.
You lunge at the tentacled monstrosity, in a flurry of attacks.
You shred the tentacled monstrosity!!!
You tail-slap the tentacled monstrosity.
The tentacled monstrosity is poisoned.
You slash the tentacled monstrosity!!
The tentacled monstrosity is severely wounded.
You hit the tentacled monstrosity. You slash the tentacled monstrosity!
The tentacled monstrosity is severely wounded.
A red draconian comes into view. It is wielding a +0 battleaxe.
The tentacled monstrosity closely misses you.
The tentacled monstrosity tentacle-slaps you but does no damage. x2
The tentacled monstrosity grabs you.
The tentacled monstrosity constricts you.
The electric golem blinks!
You slice the tentacled monstrosity!!
You kill the tentacled monstrosity!
The Council accepts your kill.
You slash the Orb Guardian!
You tail-slap the Orb Guardian, but do no damage.
Your slash misses the Orb Guardian.
The Orb Guardian is lightly wounded.
The Orb Guardian misses you.
You slice the Orb Guardian!!
You tail-slap the Orb Guardian, but do no damage.
You slash the Orb Guardian!
The Orb Guardian is heavily wounded.
The Orb Guardian hits you!
You shred the Orb Guardian!!!
You kill the Orb Guardian!
The Council accepts your kill.
The electric golem blinks!
A purple draconian shifter comes into view.
It is wielding a +0 whip.
You lunge at the green draconian, in a flurry of attacks.
You shred the green draconian!!!! You slash the green draconian.
The green draconian is severely wounded.
You completely miss the green draconian.
You tail-slap the green draconian, but do no damage.
You slash the green draconian!
The green draconian is almost dead.
The green draconian misses you.
The green draconian completely misses you.
The black draconian completely misses you.
The purple draconian shifter gestures wildly while chanting.
The purple draconian shifter blinks!
You barely miss the green draconian. You tail-slap the green draconian.
The green draconian is almost dead.
The black draconian hits you but does no damage.
The green draconian misses you.
The green draconian tail-slaps you but does no damage.
You shred the green draconian!!!
You kill the green draconian!
The Council accepts your kill.
The black draconian breathes lightning at you.
The bolt of lightning misses you.
You hear a roar!
You lunge at the black draconian, in a flurry of attacks.
You barely miss the black draconian. You tail-slap the black draconian.
The black draconian is poisoned.
The black draconian is lightly wounded.
You shred the black draconian!!!
You tail-slap the black draconian, but do no damage.
The black draconian is severely wounded.
The black draconian breathes lightning at you.
The bolt of lightning hits you! You resist.
A white draconian stormcaller comes into view.
It is wielding a +0 vampiric rapier.
You hear a shout!
You shred the black draconian!!!
You kill the black draconian!
The Council accepts your kill.
You hear a shout!
You hit the black draconian.
The black draconian is lightly wounded.
You barely miss the black draconian.
The black draconian is lightly wounded.
The black draconian completely misses you.
The purple draconian shifter casts a spell.
The purple draconian shifter blinks!
The white draconian stormcaller utters an invocation to Qazlal.
You slice the black draconian!! You tail-slap the black draconian.
The black draconian is poisoned.
The black draconian is heavily wounded.
The black draconian barely misses you.
The purple draconian shifter gestures wildly while chanting.
The purple draconian shifter blinks!
You slice the black draconian!!
The black draconian is severely wounded.
You hit the black draconian but do no damage.
Your slash misses the black draconian.
The black draconian is severely wounded.
The electric golem blinks!
The black draconian closely misses you.
You hit the black draconian but do no damage.
Your tail-slap misses the black draconian.
The black draconian is severely wounded.
You slice the black draconian!!
You kill the black draconian!
The Council accepts your kill.
The purple draconian shifter points at you and mumbles some strange words.
The white draconian stormcaller blinks!
The death drake blinks!
There is nothing to wall jump against here.
Your muscles tense, ready for explosive movement...
There is nothing to wall jump against here.
You slice the white draconian stormcaller!!
The white draconian stormcaller is moderately wounded.
You hear a shout!
The death drake bites you but does no damage.
You hit the white draconian stormcaller.
The white draconian stormcaller is moderately wounded.
The white draconian stormcaller hits you with a +0 vampiric rapier!
The white draconian stormcaller draws strength from your wounds!
The red draconian misses you.
You shred the white draconian stormcaller!!!
The white draconian stormcaller is severely wounded.
Your transformation is almost over.
The death drake bites you but does no damage.
You slash the white draconian stormcaller!
You tail-slap the white draconian stormcaller.
The white draconian stormcaller is poisoned.
The white draconian stormcaller is almost dead.
The electric golem blinks!
A dread lich comes into view.
The red draconian completely misses you.
The purple draconian shifter gestures wildly while chanting.
The purple draconian shifter blinks!
The white draconian stormcaller hits you with a +0 vampiric rapier!
The death drake closely misses you.
You slash the white draconian stormcaller!
You slash the white draconian stormcaller.
You kill the white draconian stormcaller!
The Council accepts your kill.
The death drake disappears in a puff of smoke!
The swamp drake disappears in a puff of smoke!
The death drake disappears in a puff of smoke!
The komodo dragon disappears in a puff of smoke!
Things that are here:
a +0 vampiric rapier; a +0 cloak; a white draconian corpse Your supernatural speed expires.
The red draconian breathes fire at you. The searing blast hits you! You resist.
You shred the dread lich!!!
You tail-slap the dread lich, but do no damage.
You slash the dread lich!!
The dread lich is heavily damaged.
The dread lich touches you but does no damage.
You slice the dread lich!!
The dread lich is severely damaged.
You slice the dread lich!!
You tail-slap the dread lich, but do no damage.
The dread lich is almost destroyed.
The purple draconian shifter casts a spell at you.
The red draconian enters a dispersal trap!
The dread lich blinks!
The purple draconian shifter blinks!
The dread lich blinks!
You blink.
The red draconian blinks!
You lunge at the dread lich, in a flurry of attacks.
You slash the dread lich!
You tail-slap the dread lich, but do no damage.
The dread lich is almost destroyed.
You slice the dread lich!!
You destroy the dread lich!
The Council accepts your kill.
The purple draconian shifter breathes dispelling energy at you.
The bolt of dispelling energy hits you!!
Your magical effects are unravelling.
* * * LOW HITPOINT WARNING * * *
Your Necromancy skill increases to level 17!
You shred the purple draconian shifter!!!
You slash the purple draconian shifter.
The purple draconian shifter is severely wounded.
Your hands revert to their normal proportions.
The +2 pair of gloves "Onoxecui" {+Inv Fly} unmelds from your body.
You feel rather light.
You feel much better.
The electric golem blinks!
The purple draconian shifter casts a spell.
The purple draconian shifter blinks!
The purple draconian shifter enters a dispersal trap!
The red draconian blinks!
The red draconian enters a dispersal trap!
The purple draconian shifter blinks!
You blink.
Casting: Blade Hands (safe; 1% risk of failure)
Confirm with . or Enter, or press ? or * to list all spells.
Your hands turn into razor-sharp scythe blades.
The +2 pair of gloves "Onoxecui" {+Inv Fly} melds into your body.
The electric golem hurls lightning at you.
The bolt of lightning misses you.
You hear a chilling moan.
You lunge at the electric golem, in a flurry of attacks.
You barely miss the electric golem. You tail-slap the electric golem.
The electric golem is lightly damaged.
You shred the electric golem!!!
You tail-slap the electric golem, but do no damage.
You slash the electric golem!
The electric golem is heavily damaged.
The electric golem hits you. The electric golem shocks you. You resist.
* * * LOW HITPOINT WARNING * * *
The electric golem closely misses you. x2; The electric golem hits you.
* * * LOW HITPOINT WARNING * * *
The electric golem hits you but does no damage. x2
The electric golem completely misses you.
The electric golem hits you but does no damage.
You closely miss the electric golem. You tail-slap the electric golem!
The electric golem is heavily damaged.
You slice the electric golem!! You slash the electric golem!!
The electric golem is severely damaged.
The electric golem hits you.
* * * LOW HITPOINT WARNING * * *
The electric golem shocks you! You resist.
* * * LOW HITPOINT WARNING * * *
The electric golem completely misses you.
The electric golem misses you.
The electric golem hits you but does no damage.
You slice the electric golem!! You tail-slap the electric golem.
The electric golem is almost destroyed.
The electric golem closely misses you.
The electric golem hits you but does no damage.
The electric golem misses you. The electric golem hits you.
* * * LOW HITPOINT WARNING * * *
You miss the electric golem.
The electric golem is almost destroyed.
The electric golem barely misses you.
The electric golem hits you but does no damage.
The electric golem hits you!
* * * LOW HITPOINT WARNING * * *
The electric golem misses you.
You barely miss the electric golem. You tail-slap the electric golem.
The electric golem is almost destroyed.
The electric golem barely misses you.
The electric golem hits you but does no damage. x3
You slash the electric golem!
You destroy the electric golem!
The Council accepts your kill.
You feel less exhausted.
You slash the purple draconian shifter!
The purple draconian shifter is severely wounded.
The purple draconian shifter hits you but does no damage.
You shred the purple draconian shifter!!!
You kill the purple draconian shifter!
The Council accepts your kill.
Your hands revert to their normal proportions.
The +2 pair of gloves "Onoxecui" {+Inv Fly} unmelds from your body.
You feel rather light.
You start resting.
A red draconian is nearby!
Casting: Blade Hands (safe; 1% risk of failure)
Confirm with . or Enter, or press ? or * to list all spells.
Your hands turn into razor-sharp scythe blades.
The +2 pair of gloves "Onoxecui" {+Inv Fly} melds into your body.
The red draconian completely misses you.
You barely miss the red draconian.
An orb of fire comes into view.
The red draconian hits you with a +0 battleaxe.
* * * LOW HITPOINT WARNING * * *
You slice the red draconian!! You tail-slap the red draconian.
The red draconian is poisoned.
You slash the red draconian.
The red draconian is moderately wounded.
Really fly into that permanent teleport trap?
You enter a permanent teleport trap!
Your surroundings suddenly seem different.
An orb of fire comes into view.
Found a scroll of fog and a scroll of acquirement.
The orb of fire glows bright magenta.
Strange energies course through your body.
You occasionally lose the ability to drink potions when taking damage.
Blink to where?
Press: ? - help, Dir - move target Really blink into that permanent teleport trap?
You enter a permanent teleport trap!
Your surroundings suddenly seem different.
As you read the scroll of blinking, it crumbles to dust.
The orb of fire glows red.
The bolt of fire hits you!! You resist.
* * * LOW HITPOINT WARNING * * *
The orb of fire glows red.
The bolt of fire misses you.
Blink to where?
Press: ? - help, Dir - move target Really blink into that permanent teleport trap?
You enter a permanent teleport trap!
Your surroundings suddenly seem different.
An orb of fire, 3 Orb Guardians, an ancient lich and a storm dragon come into view.
Found an embroidered robe.
As you read the scroll of blinking, it crumbles to dust.
The ancient lich shouts!
You hear a shout!
An Orb Guardian comes into view.
Okay, then.
Unknown command.
Blink to where?
Press: ? - help, Dir - move target Really blink into that permanent teleport trap?
You enter a permanent teleport trap!
Your surroundings suddenly seem different.
An Orb Guardian comes into view.
As you read the scroll of blinking, it crumbles to dust.
You are confused.
You feel invigorated.
You feel better.
You feel less invigorated.
Okay, then.
Unknown command.
Your muscles tense, ready for explosive movement...
You spin and attack the Orb Guardian repeatedly, with incredible momentum.
You slice the Orb Guardian!! You slash the Orb Guardian!
The Orb Guardian is heavily wounded.
You hit the Orb Guardian but do no damage.
The Orb Guardian is heavily wounded.
You spin and attack the Orb Guardian repeatedly, with incredible momentum.
You shred the Orb Guardian!!!
You kill the Orb Guardian!
The Council accepts your kill.
Your supernatural speed expires.
Your transformation is almost over.
As you read the scroll of summoning, it crumbles to dust.
Wisps of shadow whirl around you...
You feel much better.
The orb of fire glows red.
The fireball explodes!
The fireball engulfs you!! You resist.
* * * LOW HITPOINT WARNING * * *
You hear a shout! x2
The orb of fire glows bright magenta.
Strange energies course through your body.
You feel weaker.
Unknown command.
You can't do that in your present form.
Aiming: Phantom Mirror
Press: ? - help, Dir - move target, f - orb of fire
Aim: an orb of fire (ally target)
You reflect the orb of fire with the mirror!
The mirror clouds!
The orb of fire glows yellow.
The fireball explodes!
The fireball engulfs you!! You resist.
* * * LOW HITPOINT WARNING * * *
Your black draconian hits the orb of fire from afar with a +2 glaive of venom.
Unknown command.
You feel yourself speed up.
Your moth of wrath goads your black draconian on!
Your black draconian goes berserk!
The orb of fire glows deep purple.
The fireball explodes!
The fireball engulfs you!! You resist.
Your necklace shatters, unleashing a wave of protective dreams!
You dream of health, friendship, and clouds.
The fireball engulfs your death cob!!!!
The fireball engulfs your white draconian!!
Unknown command.
A red draconian comes into view. It is wielding a +0 flail.
The orb of fire glows deep purple.
The bolt of fire misses you.
The bolt of fire hits your white draconian!!!
The bolt of fire hits your death cob!!
A purple draconian comes into view. It is wielding a +0 war axe.
Found a rapier.
An orb of fire comes into view.
Your moth of wrath bites the orb of fire.
Your black draconian barely misses the red draconian.
You barely miss the orb of fire.
You tail-slap the orb of fire, but do no damage.
You slash the orb of fire!!
The orb of fire is lightly damaged.
The red draconian breathes fire at you.
The searing blast hits your orb of fire.
Your orb of fire completely resists.
The searing blast hits your white draconian!!
The searing blast hits you. You resist.
The orb of fire glows red.
The fireball explodes!
The fireball engulfs you!! You resist.
The fireball engulfs your white draconian!!!
Your white draconian dies!
Your white draconian's corpse disappears in a puff of smoke!
The fireball engulfs the orb of fire.
The orb of fire completely resists.
The fireball engulfs your moth of wrath!!!!
Your moth of wrath dies!
Your moth of wrath's corpse dissolves into shadows!
The fireball engulfs your white draconian!!!
You miss the orb of fire. Your slash misses the orb of fire.
The orb of fire is lightly damaged.
Your black draconian closely misses the red draconian.
You barely miss the orb of fire.
Your tail-slap misses the orb of fire.
The orb of fire is lightly damaged.
Your hands revert to their normal proportions.
The +2 pair of gloves "Onoxecui" {+Inv Fly} unmelds from your body.
You feel rather light.
A Killer Klown comes into view. It is wielding a +12 club of freezing.
Your white draconian hits the orb of fire but does no damage.
The orb of fire glows red.
Strange energies course through your body.
You feel frail.
Your death cob completely misses the orb of fire.
You miss the orb of fire.
The orb of fire is lightly damaged.
Your black draconian hits the red draconian with a +2 glaive of venom!!
The red draconian is poisoned.
The red draconian hits your orb of fire with a +0 battleaxe!!
The red draconian hits your black draconian with a +0 battleaxe.
You punch the orb of fire!
Your tail-slap misses the orb of fire.
The orb of fire is moderately damaged.
Your death cob hits the orb of fire!
The orb of fire glows deep purple.
The bolt of fire hits you. You resist.
You pummel the orb of fire!!
Your tail-slap misses the orb of fire.
The orb of fire is heavily damaged.
Your death cob completely misses the orb of fire.
Your white draconian closely misses the orb of fire.
Your black draconian hits the red draconian with a +2 glaive of venom!!
The red draconian looks as sick as possible!
You punch the orb of fire!
The orb of fire is heavily damaged.
Your death cob hits the orb of fire but does no damage.
A curse toe comes into view.
Your orb of fire glows red.
The red draconian twists and deforms.
An ancient lich comes into view.
You pummel the orb of fire!!
You punch the orb of fire, but do no damage.
The orb of fire is severely damaged.
Your black draconian hits the red draconian with a +2 glaive of venom!!!
The red draconian dies!
The Council accepts your kill.
Your death cob hits the orb of fire but does no damage.
You strike the helpless orb of fire from behind!
You hit the orb of fire but do no damage.
Your punch misses the orb of fire.
The orb of fire is severely damaged.
Your white draconian barely misses the orb of fire.
You hit the orb of fire.
Your tail-slap misses the orb of fire.
The orb of fire is severely damaged.
Your death cob misses the orb of fire.
Your black draconian barely misses the orb of fire.
You closely miss the orb of fire. Your punch misses the orb of fire.
The orb of fire is severely damaged.
Your death cob hits the orb of fire!!
Your death cob drains the orb of fire's vigour!
The orb of fire seems to slow down.
You completely miss the orb of fire.
The orb of fire is almost destroyed.
Your death cob hits the orb of fire!!
The orb of fire is destroyed!
The Council accepts your kill.
The orb of fire glows deep purple.
The fireball explodes!
The fireball engulfs the red draconian!!
The red draconian resists.
The fireball engulfs you but does no damage.
The fireball engulfs your orb of fire.
Your orb of fire completely resists.
Your white draconian breathes frost at the orb of fire.
The blast of cold hits the red draconian!!
The blast of cold hits the orb of fire.
The orb of fire resists.
You hear a roar!
You closely miss the red draconian.
The red draconian is severely wounded.
The red draconian breathes fire at you. The searing blast hits you! You resist.
You barely miss the red draconian.
The red draconian is severely wounded.
Your death cob hits the red draconian but does no damage.
Your black draconian hits the red draconian from afar with a +2 glaive of venom!!!
The red draconian dies!
The Council accepts your kill.
The Killer Klown blinks!
You lunge at the purple draconian, in a flurry of attacks.
You barely miss the purple draconian. You hit the purple draconian.
You punch the purple draconian, but do no damage.
The purple draconian is lightly wounded.
The purple draconian completely misses you.
The purple draconian hits your orb of fire with a +0 war axe!
The orb of fire glows red.
The bolt of fire hits the orb of fire.
The orb of fire completely resists.
The bolt of fire hits you!! You resist.
The bolt of fire hits your black draconian!!!!
Things that are here:
a +0 flail; a red draconian corpse
Casting: Blade Hands (safe; 1% risk of failure)
Confirm with . or Enter, or press ? or * to list all spells.
Your hands turn into razor-sharp scythe blades.
The +2 pair of gloves "Onoxecui" {+Inv Fly} melds into your body.
You feel less exhausted.
Your death cob hits the orb of fire but does no damage.
You shred the orb of fire!!!
The orb of fire is moderately damaged.
Your death cob closely misses the orb of fire.
The purple draconian breathes dispelling energy at you.
The bolt of dispelling energy hits you!!
Your magical effects are unravelling.
As you read the scroll of teleportation, it crumbles to dust.
You feel strangely unstable.
You feel the Orb delaying your translocation!
Your hands revert to their normal proportions.
The +2 pair of gloves "Onoxecui" {+Inv Fly} unmelds from your body.
You feel rather light.
You feel yourself slow down.
Your orb of fire shimmers and vanishes!
Your death cob hits the orb of fire!!
Your black draconian hits the orb of fire with a +2 glaive of venom!!
The curse toe gestures.
Your death cob completely misses the orb of fire.
Your white draconian barely misses the orb of fire.
Casting: Blade Hands (safe; 1% risk of failure)
Confirm with . or Enter, or press ? or * to list all spells.
Your hands turn into razor-sharp scythe blades.
The +2 pair of gloves "Onoxecui" {+Inv Fly} melds into your body.
Your death cob misses the orb of fire.
Your black draconian misses the orb of fire.
Your death cob completely misses the orb of fire.
Your black draconian hits the orb of fire from afar with a +2 glaive of venom!!
Your white draconian hits the orb of fire with a +0 scimitar!!
The wandering mushroom releases spores at you but does no damage.
The wandering mushroom misses you.
The orb of fire glows deep purple.
The fireball explodes!
The fireball engulfs the orb of fire.
The orb of fire completely resists.
The fireball engulfs your white draconian!!!
Your white draconian dies!
Your white draconian's corpse disappears in a puff of smoke!
The fireball engulfs your death cob!!!
Your death cob is destroyed!
Your death cob disappears in a puff of smoke!
The fireball engulfs the ancient lich!!
The ancient lich resists.
The fireball engulfs the orb of fire.
The orb of fire completely resists.
The fireball engulfs you!! You resist.
You feel threatened and lose the ability to drink potions!
The fireball engulfs your black draconian!!!!
Your black draconian dies!
Your black draconian's corpse dissolves into shadows!
You slice the orb of fire!!
Your tail-slap misses the orb of fire.
Your slash misses the orb of fire.
The orb of fire is almost destroyed.
You slice the orb of fire!!
You destroy the orb of fire!
The Council accepts your kill.
The wandering mushroom completely misses you.
The wandering mushroom misses you.
You hit the orb of fire.
The orb of fire is lightly damaged.
The ancient lich touches you but does no damage.
You hit the orb of fire.
The orb of fire is lightly damaged.
The wandering mushroom misses you.
The wandering mushroom barely misses you.
You closely miss the orb of fire.
You tail-slap the orb of fire, but do no damage.
The orb of fire is lightly damaged.
The purple draconian hits you with a +0 war axe.
A yellow draconian annihilator comes into view.
It is wielding a +0 dagger.
The ancient lich gestures wildly while chanting.
The ancient lich flickers and vanishes for a moment.
You closely miss the orb of fire.
You tail-slap the orb of fire, but do no damage.
The orb of fire is lightly damaged.
The orb of fire glows deep purple.
Strange energies course through your body.
You occasionally lose the ability to read scrolls when taking damage.
The wandering mushroom closely misses you.
The wandering mushroom completely misses you.
You slice the orb of fire!!
The orb of fire is moderately damaged.
The purple draconian completely misses you.
The ancient lich touches you but does no damage.
You hit the orb of fire.
Your tail-slap misses the orb of fire.
You slash the orb of fire!
The orb of fire is heavily damaged.
The wandering mushroom releases spores at you but does no damage.
The wandering mushroom misses you.
The orb of fire glows bright magenta.
Strange energies course through your body.
You hit the orb of fire but do no damage.
You tail-slap the orb of fire, but do no damage.
The orb of fire is heavily damaged.
The purple draconian hits you but does no damage.
The ancient lich gestures at you while chanting.
The crystal spear misses you.
The crystal spear hits the wandering mushroom!!!
The wandering mushroom is destroyed!
The wandering mushroom disappears in a puff of smoke!
You hear a roar!
Your muscles tense, ready for explosive movement...
You spin and attack the orb of fire repeatedly, with incredible momentum.
You shred the orb of fire!!!
The orb of fire is almost destroyed.
You shred the orb of fire!!!
You destroy the orb of fire!
The Council accepts your kill.
You spin and attack the wandering mushroom repeatedly, with incredible momentum.
You shred the wandering mushroom!!!
You destroy the wandering mushroom!
The wandering mushroom disappears in a puff of smoke!
You lunge with incredible momentum at the purple draconian, in a flurry of attacks.
You shred the purple draconian!!! You tail-slap the purple draconian.
The purple draconian is heavily wounded.
You shred the purple draconian!!!
You blow up the purple draconian!
The Council accepts your kill.
Your supernatural speed expires.
Things that are here:
a +0 flail; a red draconian corpse You closely miss the Killer Klown.
Your tail-slap misses the Killer Klown.
The Killer Klown completely misses you.
The ancient lich points at you and mumbles some strange words.
You resist with almost no effort.
You hit the Killer Klown but do no damage.
Your tail-slap misses the Killer Klown.
You slice the Killer Klown!!
The Killer Klown is lightly wounded.
The Killer Klown barely misses you. The ancient lich closely misses you.
The yellow draconian annihilator mumbles some strange words.
The yellow draconian annihilator blinks!
A yellow draconian annihilator comes into view.
It is wielding a +1 rapier of protection.
You spin and attack the Killer Klown repeatedly.
You slice the Killer Klown!!
The Killer Klown is moderately wounded.
You barely miss the Killer Klown.
The Killer Klown is moderately wounded.
You spin and attack the ancient lich repeatedly.
You hit the ancient lich but do no damage.
The ancient lich is lightly damaged.
You barely miss the ancient lich.
The ancient lich is lightly damaged.
The Killer Klown closely misses you.
The curse toe calls on the powers of darkness!
Your body is wracked with pain!
You feel threatened and lose the ability to read scrolls!
* * * LOW HITPOINT WARNING * * *
The Killer Klown convulses!
The yellow draconian annihilator convulses!
The ancient lich touches you but does no damage.
The yellow draconian annihilator mumbles some strange words.
The yellow draconian annihilator blinks!
You see here a +0 war axe.
You spin and attack the Killer Klown repeatedly.
You hit the Killer Klown but do no damage.
The Killer Klown is severely wounded.
You barely miss the Killer Klown. You slash the Killer Klown!
The Killer Klown is severely wounded.
You spin and attack the ancient lich repeatedly.
You hit the ancient lich but do no damage.
The ancient lich is lightly damaged.
You hit the ancient lich but do no damage.
You tail-slap the ancient lich, but do no damage.
The ancient lich is lightly damaged.
Your transformation is almost over.
Your surroundings suddenly seem different.
Your hands revert to their normal proportions.
The +2 pair of gloves "Onoxecui" {+Inv Fly} unmelds from your body.
You feel rather light.
You feel less exhausted.
You can drink potions again.
There is a stone staircase leading up here.
You fly upwards.
You can read scrolls again.
There is a stone staircase leading down here.
You start resting.
Magic restored.
You start resting.
HP restored.
Unknown command.
Really quaff the potion of mutation?
You feel extremely strange. The barb on your tail disappears.
You feel robust.
You feel genetically stable.
Your fingernails lengthen.
Really quaff the potion of mutation?
You feel extremely strange.
You feel genetically unstable.
You no longer become unable to drink potions after taking damage.
Your magic regains its normal vibrancy.
You feel agile.
You feel resistant to cold.
Unknown command.
Really quaff the potion of mutation?
You feel extremely strange.
You no longer become unable to read scrolls after taking damage.
You feel clumsy.
You feel stronger.
You feel less energetic.
You feel clever.
You feel frail.
Unknown command.
Really quaff the potion of mutation?
You feel extremely strange.
Your fingernails shrink to normal size.
Your hooves expand and flesh out into feet!
You feel robust.
You feel stronger.
Unknown command.
You start putting on your amulet.
You continue putting on the amulet "Qamneppi" {rC+ Regen+}. x5
You finish putting on the amulet "Qamneppi" {rC+ Regen+}.
The amulet "Qamneppi" cannot attune itself to your injured body.
p - the amulet "Qamneppi" (around neck) {rC+ Regen+} Unknown command.
Okay, then.
Unknown command.
Search for what [? for help]? amulet Unknown command.
You start resting.
HP restored.
Your amulet "Qamneppi" attunes itself to your body as you begin to regenerate more quickly.
You fly downwards.
There is a stone staircase leading up here.
Items here: ))) ÷.
Things that are here:
a +0 cloak; a +0 whip; a purple draconian skeleton
i - 16 potions of curing (gained 1)
The yellow draconian annihilator roars!
You hear a roar!
A storm dragon comes into view.
A yellow draconian comes into view. It is wielding a +0 battleaxe.
You see here a potion of heal wounds.
The yellow draconian annihilator spits acid at you.
The glob of acid misses you.
You hear a roar!
Casting: Blade Hands (safe; 1% risk of failure)
Confirm with . or Enter, or press ? or * to list all spells.
Your hands turn into razor-sharp scythe blades.
The +2 pair of gloves "Onoxecui" {+Inv Fly} melds into your body.
The yellow draconian annihilator gestures at you while chanting.
The bolt of lightning hits you! You resist.
You hear a roar!
You hear a deafening roar!
You hear a roar! x2
You hear a shout! x2; You hear a chilling moan.
A yellow draconian annihilator comes into view.
It is wielding a +0 whip.
The yellow draconian annihilator roars!
The yellow draconian annihilator spits acid at you.
The glob of acid hits you! You resist.
A green draconian monk comes into view.
The green draconian monk roars!
The yellow draconian annihilator gestures at you while chanting.
The poison arrow hits you.
You are poisoned.
You partially resist.
The yellow draconian annihilator mumbles some strange words.
The yellow draconian annihilator blinks!
You feel very sick.
The Killer Klown shouts!
The yellow draconian annihilator roars!
The yellow draconian annihilator casts a spell.
The yellow draconian annihilator blinks!
The storm dragon breathes lightning at you.
The bolt of lightning misses you.
Aiming: Iceblast
Press: ? - help, Shift-Dir - straight line, f - storm dragon
Aim: a storm dragon (catching its breath)
You feel a surge of power!
The mass of ice explodes!
The iceblast engulfs the storm dragon!!
The storm dragon partially resists.
The storm dragon is moderately wounded.
The iceblast engulfs the yellow draconian!!
The yellow draconian is moderately wounded.
The iceblast engulfs the Killer Klown!!
The Killer Klown is lightly wounded.
The iceblast engulfs the green draconian monk!!!
The green draconian monk is moderately wounded.
You feel very sick.
The yellow draconian annihilator spits acid at you.
The glob of acid misses you.
The yellow draconian annihilator gestures wildly while chanting.
The yellow draconian annihilator blinks!
Aiming: Iceblast
Press: ? - help, Shift-Dir - straight line, p - storm dragon You feel a surge of power!
The mass of ice explodes!
The iceblast engulfs the Killer Klown!!!
The Killer Klown is moderately wounded.
The iceblast engulfs the storm dragon!
The storm dragon partially resists.
The storm dragon is moderately wounded.
The iceblast engulfs the green draconian monk!!
The green draconian monk is heavily wounded.
You feel sick.
The green draconian monk breathes poison at you.
The blast of poison engulfs you. You resist.
Aiming: Iceblast
Press: ? - help, Shift-Dir - straight line, f - storm dragon
Aim: a storm dragon (moderately wounded, catching its breath)
You feel a surge of power!
The mass of ice explodes!
The iceblast engulfs the storm dragon!!
The storm dragon partially resists.
The storm dragon is severely wounded.
The iceblast engulfs the green draconian monk.
The green draconian monk is heavily wounded.
The iceblast engulfs the Killer Klown!!!
The Killer Klown is severely wounded.
You feel sick.
The yellow draconian annihilator spits acid at you.
The glob of acid hits you. You resist.
Your muscles tense, ready for explosive movement...
You lunge with incredible momentum at the storm dragon, in a flurry of attacks.
You shred the storm dragon!!!!
You blow up the storm dragon!
The Council accepts your kill.
You spin and attack the Killer Klown repeatedly, with incredible momentum.
You hit the Killer Klown but do no damage.
The Killer Klown is severely wounded.
You slash the Killer Klown! x2
The Killer Klown is severely wounded.
You spin and attack the green draconian monk repeatedly, with incredible momentum.
You slice the green draconian monk!!
The green draconian monk is almost dead.
You shred the green draconian monk!!!
You blow up the green draconian monk!
The Council accepts your kill.
Your supernatural speed expires.
You shred the Killer Klown!!!
You kill the Killer Klown!
The Council accepts your kill.
You feel sick.
The yellow draconian annihilator hits you with a +1 rapier of protection.
The yellow draconian annihilator mumbles some strange words.
The yellow draconian annihilator blinks!
The yellow draconian annihilator spits acid at you.
The glob of acid hits you. You resist.
Your phantom mirror has recharged.
You hit the yellow draconian annihilator.
The yellow draconian annihilator is lightly wounded.
You feel sick.
You shred the yellow draconian annihilator!!!
You tail-slap the yellow draconian annihilator, but do no damage.
The yellow draconian annihilator is almost dead.
The yellow draconian annihilator casts a spell.
The yellow draconian annihilator blinks!
The yellow draconian annihilator points at you and mumbles some strange words.
The poison arrow misses you.
You hear a chilling moan.
You slice the ancient lich!! You slash the ancient lich!
The ancient lich is heavily damaged.
You feel sick.
You slice the ancient lich!! You tail-slap the ancient lich.
The ancient lich is severely damaged.
The yellow draconian annihilator spits acid at you.
The glob of acid hits you. You resist. The acid corrodes you!
The yellow draconian annihilator casts a spell.
The yellow draconian annihilator blinks!
The ancient lich gestures at you while chanting.
The crystal spear hits you!!!
The yellow draconian annihilator gestures at you while chanting.
The poison arrow misses you.
You hit the ancient lich.
You slash the ancient lich, but do no damage.
The ancient lich is severely damaged.
You feel sick.
You shred the ancient lich!!!
You destroy the ancient lich!
The Council accepts your kill.
The yellow draconian annihilator casts a spell.
The yellow draconian annihilator blinks!
The yellow draconian annihilator is engulfed in poison gas.
The yellow draconian annihilator is poisoned.
The yellow draconian annihilator mumbles some strange words.
The yellow draconian annihilator blinks!
You shred the yellow draconian!!! You slash the yellow draconian!!
You kill the yellow draconian!
The Council accepts your kill.
You feel sick.
You feel sick.
You are no longer poisoned.
The yellow draconian annihilator casts a spell at you.
The crystal spear misses you.
The yellow draconian annihilator points at you and mumbles some strange words.
The bolt of lightning misses you.
The yellow draconian annihilator casts a spell at you.
The bolt of lightning hits you! You resist.
The curse toe gestures.
The yellow draconian annihilator enters a dispersal trap!
The wandering mushroom blinks! x2; The deathcap blinks!
The wandering mushroom blinks! x3
The yellow draconian annihilator blinks!
The wandering mushroom blinks!
The yellow draconian annihilator blinks!
The curse toe blinks!
The wandering mushroom blinks!
The yellow draconian annihilator blinks! x2
The wandering mushroom blinks!
The curse toe blinks!
You blink.
The yellow draconian annihilator blinks!
The yellow draconian annihilator spits acid at you.
The glob of acid hits you! You resist. The acid corrodes you!
Your transformation is almost over.
The yellow draconian annihilator mumbles some strange words.
The yellow draconian annihilator blinks!
The yellow draconian annihilator spits acid at you.
The glob of acid hits you! You resist.
* * * LOW HITPOINT WARNING * * *
The acid corrodes you!
The yellow draconian annihilator points at you and mumbles some strange words.
The iron shot hits you!!!
You die...

Skill      XL: |  1  2  3  4  5  6  7  8  9 10 11 12 13 14 15 16 17 18 19 20 21 22 23 24 25 26 |
---------------+-------------------------------------------------------------------------------+-----
Stealth        | 2 3 4 6 8 10 | 10.0
Dodging        | 3 4 5 7 8 9 10 12 13 14 15 | 15.0
Unarmed Combat | 4 5 6 8 10 12 14 15 16 17 20 21 22 23 24 25 26 | 26.3
Fighting       | 4 5 6 8 9 11 12 13 14 15 | 15.0
Evocations     | 4 5 7 12 | 12.0
Transmutations | 4 5 6 7 9 12 13 15 16 | 16.7
Throwing       | 6 7 8 10 11 12 13 14 15 | 15.0
Spellcasting   | 3 5 6 8 10 11 12 14 15 | 15.0
Translocations | 5 6 |  6.0
Earth Magic    | 3 9 12 13 14 | 14.0
Air Magic      | 2 6 |  6.0
Necromancy     | 3 11 15 17 | 17.4

Action                   |  1- 3 |  4- 6 |  7- 9 | 10-12 | 13-15 | 16-18 | 19-21 | 22-24 | 25-27 || total
-------------------------+-------+-------+-------+-------+-------+-------+-------+-------+-------++-------
Melee: Unarmed           |   144 |   203 |   388 |   694 |   607 |  1632 |  1562 |  1774 |   991 ||  7995
       Tailslap          |    16 |    28 |    58 |   134 |   132 |   313 |   297 |   441 |   257 ||  1676
       Punch             |     3 |    11 |    16 |    61 |    69 |   226 |   249 |   380 |   259 ||  1274
Throw: Dart              |       |     5 |    17 |    31 |    34 |    15 |       |       |       ||   102
       Javelin           |       |       |       |    17 |       |       |       |     2 |     7 ||    26
       Boomerang         |       |       |       |       |       |     6 |       |       |    22 ||    28
 Cast: Beastly Appendage |       |       |       |       |     2 |       |       |       |       ||     2
       Blade Hands       |       |       |       |       |       |    17 |   120 |   146 |    94 ||   377
       Wereblood         |       |       |       |       |       |       |     6 |     3 |       ||     9
       Statue Form       |       |       |       |       |       |       |    25 |    11 |     1 ||    37
       Blink             |       |       |       |       |       |       |     1 |     1 |     2 ||     4
       Necromutation     |       |       |       |       |       |       |       |       |     1 ||     1
Invok: Lunge             |       |       |    17 |    53 |    49 |   154 |   204 |   196 |   107 ||   780
       Whirlwind         |       |       |     9 |    50 |    23 |   277 |   343 |   370 |   114 ||  1186
       Serpent's Lash    |       |       |       |    11 |     6 |    44 |    41 |    38 |    19 ||   159
 Abil: Breathe Dispellin |       |       |     4 |     7 |     1 |       |     2 |     3 |     1 ||    18
       Wall Jump         |       |       |       |     1 |     2 |    10 |     2 |     1 |       ||    16
       End Transformatio |       |       |       |       |       |       |       |     2 |       ||     2
Evoke: Wand              |       |       |     7 |     1 |       |       |       |     3 |     3 ||    14
       Phantom mirror    |       |       |       |       |       |     1 |       |     1 |     2 ||     4
       Tin of tremorston |       |       |       |       |       |       |       |       |     2 ||     2
       Box of beasts     |       |       |       |       |       |       |       |       |     1 ||     1
       Condenser vane    |       |       |       |       |       |       |       |       |     1 ||     1
  Use: Scroll            |     1 |       |     6 |    13 |     5 |     8 |     4 |     4 |    10 ||    51
       Potion            |       |       |       |     7 |     2 |     7 |     4 |     1 |    15 ||    36
 Stab: Sleeping          |     4 |     6 |     8 |    17 |     6 |    15 |    10 |    14 |     7 ||    87
       Distracted        |     1 |     1 |     1 |     2 |     3 |     4 |     1 |     6 |     4 ||    23
       Invisible         |       |       |       |     3 |       |       |       |       |       ||     3
Armor: Skin              |    53 |    29 |    63 |    87 |    61 |   189 |   250 |   201 |   238 ||  1171
Dodge: Dodged            |    86 |   165 |   328 |   382 |   323 |  1041 |   955 |   871 |   565 ||  4716
       Repelled          |       |       |       |       |       |       |     3 |    20 |    10 ||    33

Levels and vault maps discovered:
D:1:      zaba_arrival_water, layout_basic
D:2:      layout_rooms, basic_altar, minmay_misc_feat_alley
D:3:      layout_basic
D:4:      layout_loops_ring, uniq_natasha, uniq_eustachio
D:5:      layout_rooms, kennysheep_vampire_church, fedhas_altar_4,
          temple_statues, gammafunk_ghost_necromancy,
          nicolae_shop_overcharged_wands, uniq_edmund, uniq_blork_the_orc
D:6:      layout_layer_cave
D:7:      layout_loops_corners, enter_bailey_5, uniq_maggie
D:8:      layout_basic, dancing_weapons_uskayaw,
          worldfamousw_hep_ancestral_shrine, uniq_erica
D:9:      layout_roguey
D:10:     layout_irregular_city, orc_0_dummy, uniq_sonja
D:11:     layout_basic, david_lair_generic, gammafunk_ghost_berserking_beasts
D:12:     layout_irregular_city, zin_statuary
D:13:     layout_roguey, grunt_ministairs_12
D:14:     layout_basic, david_vaults_5, small_statue_intersection
D:15:     gammafunk_enter_depths_forms, layout_basic
Temple:   mainiacjoe_temple_bowtie_tessellation
Lair:1:   layout_misc_corridors, basic_altar, disabler_island,
          serial_bayou_shore_a
Lair:2:   layout_regular_city, minmay_snake_entry_guardpost_small,
          portal_ice_cave_entry_pillars_2, infiniplex_staircase_pool,
          serial_bayou_shore_b, lemuel_fruit_fields
Lair:3:   layout_loops_ring, minmay_shoals_entry_hut, serial_bayou_pond_d,
          infiniplex_staircase_pool_2, grunt_megastairs_5
Lair:4:   layout_small_grid, minmay_slime_entry_jelly_boxes
Lair:5:   due_jungle_book, layout_misc_corridors, minmay_stone_trees_medium,
          dreamdust_mushroom_princess, serial_bayou_shore_b
Shoals:1: layout_shoals, ebering_ghost_reflecting_pool
Shoals:2: layout_shoals, nicolae_shoals_undead_eyrie
Shoals:3: layout_shoals, ebering_ghost_reflecting_pool
Shoals:4: shoals_end_simple, layout_shoals
Snake:1:  layout_onion, nicolae_integral_box, minmay_shop_grove, uniq_mlioglotl,
          uniq_frances, uniq_nikola
Snake:2:  layout_layer_cave
Snake:3:  layout_misc_corridors, minmay_shoptagon, grunt_megastairs_2,
          nicolae_triple_integral, uniq_vashnia, uniq_roxanne
Snake:4:  minmay_snake_end_coiled, layout_concentric_octagons,
          nicolae_snake_shapes, uniq_aizul
Slime:1:  layout_caves
Slime:2:  cheibrodos_slime_lost_civilization_3, layout_caves
Slime:3:  layout_caves, dissolution_awaits
Slime:4:  layout_caves, nicolae_slime_ancient_tower_intersection
Slime:5
Orc:1:    layout_caves
Orc:2:    grunt_orc_gardens, layout_diamond_mine, grunt_orc_garden,
          grunt_orc_garden, grunt_orc_garden, grunt_orc_garden,
          gauntlet_entry_generic, basic_altar, hangedman_feature_mirror
Elf:1:    nicolae_elf_arrival_dilemma, layout_gridlike, basic_altar,
          hangedman_elf_disciples
Elf:2:    elven_hall_of_blades_hangedman_original [nicolae_blade_tridents],
          layout_geoelf_diagonals, serial_shops, nicolae_shop_behind_doors,
          portal_desolation_entry_twin_temple, serial_glass, glass_columns_a,
          glass_columns_a
Elf:3:    minmay_elf_hall, layout_geoelf_grid, basic_altar, minivault_26,
          hex_tiny
Vaults:1: vaults_room_door_hall, vaults_standard_mumra_x,
          vaults_room_large_hall, v_rooms_5, kb_rosetta,
          ontoclasm_vaults_ring_large, v_alt_pattern_3, hangedman_vaults_slice,
          layout_vaults_chaotic_city, uniq_asterion
Vaults:2: st_eye, minmay_crypt_entry_necro_gods,
          nicolae_vaults_mini_display_case, nicolae_vaults_network_s,
          layout_vaults_omnigrid
Vaults:3: hangedman_vaults_stagger, ontoclasm_vaults_loading_screen,
          hangedman_vaults_stretched_pinwheel, nicolae_vaults_bisected_exclaves,
          v_misc_12, grunt_vaults_diagonal, vaults_room_grid, v_misc_23,
          grunt_vaults_hallway_long, v_rooms_3, layout_vaults_omnibox
Vaults:4: nicolae_vaults_network_quincunx
          [nicolae_vaults_network_quincunx_subvault,
          nicolae_vaults_network_quincunx_subvault,
          nicolae_vaults_network_quincunx_subvault,
          nicolae_vaults_network_quincunx_subvault,
          nicolae_vaults_network_quincunx_subvault], v_misc_8,
          dpeg_vaults_monster_row, vaults_dpeg_hooks,
          nicolae_vaults_fighting_squares, vaults_dpeg_ring,
          ontoclasm_vaults_loading_screen, v_misc_28,
          ontoclasm_vaults_ring_square, ontoclasm_vaults_misaligned,
          grunt_vaults_hallway_long, nicolae_vaults_specimen_jars,
          layout_vaults_omnicross, serial_shops, nicolae_shop_overgrown_old_shop
Crypt:1:  layout_gridlike, uniq_khufu
Crypt:2:  layout_misc_corridors, uniq_zenata
Crypt:3:  david_glass_crypt, layout_chaotic_city,
          nicolae_tomb_entry_grand_gallery
Depths:1: layout_gridlike, pf_hell_entry_tar_spiral, serial_shops,
          kennysheep_mini_moat, minmay_guarded_unrand_dyrovepreva
Depths:2: evilmike_iron_armoury, layout_cave_pools, hell_entry,
          rand_demon_pan_entry_3, minmay_staircase_bubble
Depths:3: minmay_the_grid_triangle_9x9_rhombus_thin_mashed
          [minmay_the_grid_triangle_9x9_zippers_horizontal,
          minmay_the_grid_triangle_9x9_prize_top_heavy,
          minmay_the_grid_triangle_9x9_semitri,
          minmay_the_grid_triangle_9x9_warning], layout_honeycomb,
          enter_ziggurat_c, abyss_entry_crystal, serial_shops,
          nicolae_shop_hallway_stairs, grunt_mini_vestibule, uniq_vv,
          uniq_josephina
Depths:4: grunt_twist_and_shout, layout_basic, hell_entry,
          abyss_entry_glasseish, hangedman_abyss_or_decor_slice
Zot:1:    layout_gridlike
Zot:2:    layout_cathedral_of_symmetry
Zot:3:    dreamdust_black_sun_cult, layout_basic
Zot:4:    layout_misc_corridors, zot_minivault_4
Zot:5:    layout_gridville

Notes
Turn   | Place    | Note
-------+----------+-------------------------------------------
     0 | D:1      | scionoferis the Draconian Monk began the quest for the Orb.
     0 | D:1      | Reached XP level 1. HP: 19/19 MP: 1/1
   108 | D:1      | Reached skill level 2 in Stealth
   145 | D:1      | Reached XP level 2. HP: 25/26 MP: 2/2
   407 | D:1      | Reached XP level 3. HP: 31/31 MP: 3/3
   584 | D:1      | Reached skill level 3 in Dodging
   945 | D:2      | Found a radiant altar of Vehumet.
  1463 | D:3      | Reached XP level 4. HP: 31/38 MP: 4/4
  2310 | D:4      | Reached skill level 3 in Stealth
  2325 | D:4      | Noticed Eustachio
  2379 | D:4      | Noticed Natasha
  2396 | D:4      | Killed Natasha
  2397 | D:4      | Reached skill level 4 in Unarmed Combat
  2743 | D:4      | Noticed Natasha
  2750 | D:4      | Killed Natasha
  2751 | D:4      | Reached XP level 5. HP: 36/46 MP: 5/5
  2762 | D:4      | Noticed Natasha
  2770 | D:4      | Killed Natasha
  2771 | D:4      | Reached skill level 4 in Fighting
  3143 | D:4      | Reached XP level 6. HP: 52/52 MP: 6/6
  3256 | D:5      | Entered Level 5 of the Dungeon
  3256 | D:5      | Found a runed translucent gate.
  3256 | D:5      | Found a runed translucent gate.
  3344 | D:5      | Found a runed translucent gate.
  3358 | D:5      | Reached skill level 4 in Stealth
  3358 | D:5      | Found Onyl's Overcharged Wands.
  3389 | D:5      | Noticed Blork the orc
  3453 | D:5      | Reached skill level 5 in Unarmed Combat
  3457 | D:5      | Noticed Esekla's ghost (weakling OpDe)
  3632 | D:4      | Reached skill level 4 in Dodging
  3632 | D:4      | Your scales start taking on a rich purple colour.
  3632 | D:4      | Reached XP level 7. HP: 56/60 MP: 7/7
  3693 | D:5      | Noticed Edmund
  3713 | D:5      | Killed Edmund
  3714 | D:5      | Reached skill level 5 in Fighting
  3714 | D:5      | Reached skill level 6 in Unarmed Combat
  3836 | D:5      | Killed Blork the orc
  3904 | D:5      | Found an ancient bone altar of Kikubaaqudgha.
  4149 | D:5      | Found a staircase to the Ecumenical Temple.
  4157 | Temple   | Entered the Ecumenical Temple
  4369 | Temple   | Became a worshipper of the Wu Jian Council
  4369 | Temple   | Reached * piety under Wu Jian
  4369 | Temple   | Reached ** piety under Wu Jian
  4499 | D:5      | Reached XP level 8. HP: 70/70 MP: 8/8
  4571 | D:5      | Found a blossoming altar of Fedhas.
  4630 | D:5      | Killed Esekla's ghost
  4636 | D:5      | Reached skill level 7 in Unarmed Combat
  4653 | D:5      | Reached skill level 5 in Dodging
  4696 | D:6      | Reached skill level 6 in Fighting
  5067 | D:6      | Reached skill level 8 in Unarmed Combat
  5432 | D:6      | Reached XP level 9. HP: 39/78 MP: 9/9
  5581 | D:6      | Reached skill level 7 in Fighting
  5896 | D:4      | Killed Eustachio
  6147 | D:7      | Reached skill level 6 in Dodging
  6147 | D:7      | Reached skill level 9 in Unarmed Combat
  6383 | D:7      | Found a flagged portal.
  6500 | Bailey   | Entered a bailey
  6547 | Bailey   | Upgraded the game from 0.30-a0-578-gdee14c521f to
                  | 0.30-a0-585-g93115170b9
  6618 | Bailey   | Reached skill level 8 in Fighting
  6618 | Bailey   | Reached skill level 10 in Unarmed Combat
  6805 | Bailey   | Reached *** piety under Wu Jian
  6806 | Bailey   | Noticed Prince Ribbit
  6806 | Bailey   | Noticed a vault guard
  6825 | Bailey   | Killed Prince Ribbit
  6826 | Bailey   | Reached skill level 7 in Dodging
  6826 | Bailey   | Reached XP level 10. HP: 71/89 MP: 10/10
  6839 | Bailey   | Killed a vault guard
  7136 | Bailey   | Noticed a vault guard
  7162 | Bailey   | Killed a vault guard
  7163 | Bailey   | Reached skill level 11 in Unarmed Combat
  7534 | D:7      | Reached skill level 9 in Fighting
  7544 | D:7      | Noticed Maggie
  7566 | D:7      | Killed Maggie
  8087 | D:8      | Noticed a +3 hand axe
  8087 | D:8      | Noticed a +0 dagger
  8091 | D:8      | Found a hide-covered altar of Uskayaw.
  8249 | D:8      | Identified a +1 robe of resistance
  8249 | D:8      | Noticed Erica
  8404 | D:8      | Killed Erica
  8405 | D:8      | Reached skill level 8 in Dodging
  8405 | D:8      | Reached skill level 12 in Unarmed Combat
  8609 | D:8      | Found a hazy altar of Hepliaklqana.
  8688 | D:8      | Identified a scroll of acquirement
  9392 | D:9      | Reached XP level 11. HP: 99/99 MP: 11/11
 10035 | D:10     | Entered Level 10 of the Dungeon
 10188 | D:10     | Noticed Sonja
 10192 | D:10     | Killed Sonja
 10192 | D:10     | Reached skill level 10 in Fighting
 10460 | D:10     | Reached **** piety under Wu Jian
 10727 | D:10     | Found a staircase to the Orcish Mines.
 10967 | D:11     | Noticed a two-headed ogre
 10974 | D:11     | Killed a two-headed ogre
 10978 | D:11     | Reached skill level 13 in Unarmed Combat
 10986 | D:11     | Identified the +7 rapier of the Writhing Gods {freeze,
                  | MP+9}
 11098 | D:11     | Found a staircase to the Lair.
 11226 | D:11     | Noticed a boulder beetle
 11247 | D:11     | Killed a boulder beetle
 11363 | D:11     | Found a transporter.
 11366 | D:11     | Noticed jejorda2's ghost (journeyman MfBe)
 11378 | D:11     | Found a transporter.
 12140 | D:11     | Reached skill level 9 in Dodging
 12408 | D:12     | Noticed a brown ugly thing
 12420 | D:12     | Found a glowing silver altar of Zin.
 12550 | D:12     | Noticed a boulder beetle
 12562 | D:12     | Killed a boulder beetle
 12563 | D:12     | Reached skill level 11 in Fighting
 12822 | D:12     | Noticed a boulder beetle
 12840 | D:12     | Killed a boulder beetle
 12841 | D:12     | Reached skill level 14 in Unarmed Combat
 12841 | D:12     | Reached XP level 12. HP: 105/110 MP: 12/12
 13654 | D:11     | Acquired a manual of Unarmed Combat
 13660 | D:11     | Learned a level 1 spell: Beastly Appendage
 13663 | Lair:1   | Entered Level 1 of the Lair of Beasts
 13663 | Lair:1   | Found a basalt altar of Yredelemnul.
 14013 | D:11     | Reached skill level 1 in Evocations
 14015 | D:11     | Reached skill level 1 in Transmutations
 14145 | Lair:1   | Noticed a seven-headed hydra
 14152 | Lair:1   | Killed a seven-headed hydra
 14239 | Lair:1   | Reached skill level 2 in Evocations
 14354 | Lair:1   | Reached skill level 2 in Transmutations
 14370 | Lair:1   | Reached skill level 10 in Dodging
 14596 | Lair:1   | Reached skill level 3 in Evocations
 15006 | Lair:2   | Found a frozen archway.
 15020 | IceCv    | Entered an ice cave
 15059 | IceCv    | Reached skill level 15 in Unarmed Combat
 15152 | IceCv    | Reached skill level 12 in Fighting
 15152 | IceCv    | Reached skill level 3 in Transmutations
 15402 | IceCv    | Reached skill level 4 in Evocations
 15534 | IceCv    | Noticed a death yak
 15534 | IceCv    | Noticed a death yak
 15550 | IceCv    | Noticed a death yak
 15562 | IceCv    | Killed a death yak
 15571 | IceCv    | Killed a death yak
 15572 | IceCv    | Reached skill level 4 in Transmutations
 15575 | IceCv    | Killed a death yak
 15576 | IceCv    | Reached XP level 13. HP: 98/118 MP: 13/13
 15779 | IceCv    | Reached skill level 5 in Evocations
 15821 | IceCv    | Noticed a frost giant
 15829 | IceCv    | HP: 4/118 [frost giant/bolt of cold (33)]
 15830 | IceCv    | Killed a frost giant
 16164 | IceCv    | Reached skill level 16 in Unarmed Combat
 16164 | IceCv    | Reached skill level 5 in Transmutations
 16297 | IceCv    | Found the dreamshard necklace {*Dream Drain}
 16299 | IceCv    | Identified the +1 robe of Midnight {rC++ rCorr}
 16302 | IceCv    | Identified a +0 crystal plate armour of cold resistance
 16397 | IceCv    | Identified 2 potions of experience
 16398 | IceCv    | Reached skill level 6 in Throwing
 16398 | IceCv    | Reached XP level 14. HP: 126/126 MP: 14/14
 16402 | IceCv    | Learned a level 2 spell: Wereblood
 16402 | IceCv    | Reached skill level 7 in Throwing
 16402 | IceCv    | Reached skill level 3 in Spellcasting
 16402 | IceCv    | Reached skill level 6 in Transmutations
 16402 | IceCv    | Reached XP level 15. HP: 132/132 MP: 14/20
 16604 | Lair:2   | Found a staircase to the Snake Pit.
 16651 | Lair:2   | Reached ***** piety under Wu Jian
 16701 | Lair:2   | Identified a potion of resistance
 16714 | Lair:2   | Reached skill level 11 in Dodging
 16714 | Lair:2   | Reached skill level 6 in Evocations
 17756 | Lair:3   | Reached skill level 17 in Unarmed Combat
 18104 | Lair:3   | Found a staircase to the Shoals.
 18214 | Lair:3   | Reached skill level 4 in Spellcasting
 18686 | Lair:4   | Found a viscous altar of Jiyva.
 18687 | Lair:4   | Found a staircase to the Slime Pits.
 18816 | Lair:4   | Identified the ring of the Stag {rF+ rN+ EV+5 Int-4 SInv}
 19757 | Lair:5   | Entered Level 5 of the Lair of Beasts
 20067 | Lair:5   | Identified the +2 falchion of the Stoat {flame, rElec Str+7
                  | Dex-4 Stlth+}
 20337 | Lair:5   | Reached skill level 5 in Spellcasting
 20502 | Lair:5   | Reached skill level 7 in Evocations
 20524 | Lair:5   | Reached skill level 7 in Transmutations
 20923 | Lair:5   | Reached skill level 8 in Throwing
 21334 | Lair:5   | Reached skill level 12 in Dodging
 21495 | Lair:5   | Reached XP level 16. HP: 115/139 MP: 23/23
 21513 | Lair:5   | Reached skill level 18 in Unarmed Combat
 21956 | Lair:5   | Reached skill level 8 in Evocations
 21991 | Lair:5   | Reached ****** piety under Wu Jian
 22738 | D:11     | Killed jejorda2's ghost
 22776 | D:11     | Acquired 903 gold pieces
 23241 | D:13     | Reached skill level 9 in Throwing
 23510 | D:13     | Reached skill level 9 in Evocations
 23991 | D:14     | Reached skill level 19 in Unarmed Combat
 24052 | D:14     | Found a gate to the Vaults.
 25066 | D:15     | Entered Level 15 of the Dungeon
 25107 | D:15     | Reached skill level 10 in Evocations
 25555 | D:15     | Reached skill level 10 in Throwing
 26071 | D:15     | Found a staircase to the Depths.
 26527 | Orc:1    | Entered Level 1 of the Orcish Mines
 26531 | D:10     | Reached skill level 11 in Evocations
 26784 | Orc:2    | Entered Level 2 of the Orcish Mines
 26796 | Orc:2    | Found Gomai's Antique Armour Shop.
 26810 | Orc:2    | Found Nutwyuchoin's Jewellery Shoppe.
 26816 | Orc:2    | Reached skill level 20 in Unarmed Combat
 26833 | Orc:2    | Found a staircase to the Elven Halls.
 26835 | Orc:2    | Found Suipn's Antique Weapon Boutique.
 26922 | Orc:2    | Found Oluvas Deph's General Store.
 26926 | Orc:2    | Found a gate leading to a gauntlet.
 26948 | Gauntlet | Entered a Gauntlet
 26948 | Gauntlet | Found a transporter.
 26948 | Gauntlet | Found a transporter.
 27067 | Gauntlet | Found a transporter.
 27067 | Gauntlet | Found a transporter.
 27092 | Gauntlet | Found a transporter.
 27100 | Gauntlet | Found a transporter.
 27101 | Gauntlet | Found a transporter.
 27101 | Gauntlet | Found a transporter.
 27106 | Gauntlet | Found a transporter.
 27140 | Gauntlet | Found a transporter.
 27158 | Gauntlet | Found a transporter.
 27204 | Gauntlet | Found a transporter.
 27218 | Gauntlet | Found a transporter.
 27309 | Gauntlet | Found a transporter.
 27318 | Gauntlet | Found a transporter.
 27334 | Gauntlet | Found a transporter.
 27635 | Gauntlet | Identified the ring "Reor" {rPois rF+ rN+ SInv}
 27655 | Gauntlet | Reached skill level 12 in Evocations
 27655 | Gauntlet | Reached XP level 17. HP: 148/148 MP: 24/24
 27716 | Gauntlet | Identified the +0 pair of gloves of the Other Side {rF-
                  | rN+++ Int+7 Stlth-}
 27750 | Gauntlet | Reached XP level 18. HP: 148/155 MP: 25/25
 27753 | Gauntlet | Identified the +3 short sword of a bailey {freeze, rN+}
 27871 | Orc:1    | HP: 14/156 [orc knight/+2 great sword (16)]
 27873 | Orc:1    | HP: 4/156 [orc knight/+2 great sword (29)]
 28578 | Orc:2    | Bought a wand of paralysis (5) for 204 gold pieces
 28578 | Orc:2    | Bought a potion of heal wounds for 85 gold pieces
 28951 | Orc:2    | Found a shimmering altar of Xom.
 29159 | Orc:2    | Learned a level 5 spell: Blade Hands
 29533 | Snake:1  | Entered Level 1 of the Snake Pit
 29533 | Snake:1  | Noticed Mlioglotl
 29541 | Snake:1  | Killed Mlioglotl
 29544 | Snake:1  | Noticed Frances
 29557 | Snake:1  | Gained mutation: Your spells are a little easier to cast,
                  | but a little less powerful. [a neqoxec]
 29560 | Snake:1  | Gained mutation: You are frail. (-10% HP) [a neqoxec]
 29565 | Snake:1  | Killed Frances
 29998 | Snake:1  | Reached skill level 13 in Fighting
 30288 | Snake:1  | Noticed Nikola
 30306 | Snake:1  | Killed Nikola
 30692 | Snake:1  | Found Cemepn's Book Boutique.
 30694 | Snake:1  | Found Feasean's Jewellery Emporium.
 30695 | Snake:1  | Found Hysousah's Book Boutique.
 30705 | Snake:1  | Bought a book of Spatial Translocations for 360 gold pieces
 30708 | Snake:1  | Learned a level 2 spell: Blink
 30728 | Snake:1  | Reached skill level 8 in Transmutations
 30986 | Snake:2  | Reached skill level 1 in Translocations
 31906 | Snake:3  | Reached skill level 2 in Translocations
 32144 | Snake:3  | Noticed Vashnia
 32326 | Snake:3  | Killed Vashnia
 32327 | Snake:3  | Reached skill level 3 in Translocations
 32772 | Snake:3  | Reached skill level 9 in Transmutations
 32802 | Snake:3  | Reached skill level 6 in Spellcasting
 32802 | Snake:3  | Reached skill level 4 in Translocations
 33298 | Snake:3  | Noticed Roxanne
 33679 | Snake:3  | Killed Roxanne
 33826 | Snake:3  | Found Iseloro's General Store.
 33844 | Snake:3  | Found Requl's General Store.
 33868 | Snake:3  | Bought a scroll of blinking for 142 gold pieces
 33868 | Snake:3  | Bought a scroll of silence for 180 gold pieces
 34100 | Shoals:1 | Entered Level 1 of the Shoals
 34422 | Shoals:1 | Found a runed translucent door.
 34422 | Shoals:1 | Noticed PyroL's ghost (adept OpTm)
 34427 | Shoals:1 | Reached skill level 5 in Translocations
 34902 | Shoals:1 | Killed PyroL's ghost
 34908 | Shoals:1 | Identified the +6 scale mail "Fyummat" {Slay+5}
 35453 | Shoals:2 | Reached skill level 13 in Dodging
 36136 | Shoals:3 | Reached XP level 19. HP: 148/148 MP: 29/29
 36296 | Shoals:3 | Found a runed translucent door.
 36457 | Shoals:3 | Reached skill level 10 in Transmutations
 37029 | Shoals:3 | Noticed MineK's ghost (adept GnWn)
 37167 | Snake:4  | Entered Level 4 of the Snake Pit
 37227 | Snake:4  | Reached skill level 6 in Translocations
 37231 | Snake:4  | Reached skill level 7 in Spellcasting
 37236 | Snake:4  | Reached skill level 11 in Throwing
 37253 | Snake:3  | HP: 6/148 [black mamba[a naga ritualist] (13)]
 37745 | Snake:4  | Noticed Aizul
 37751 | Snake:4  | Killed Aizul
 39737 | Snake:4  | Reached skill level 11 in Transmutations
 40141 | Snake:4  | Reached skill level 8 in Spellcasting
 40159 | Snake:4  | Reached skill level 14 in Fighting
 40403 | Snake:4  | Got a serpentine rune of Zot
 40822 | Shoals:4 | Entered Level 4 of the Shoals
 41439 | Shoals:4 | Identified the ring "Zealirgh" {rN+ rCorr}
 41694 | Shoals:4 | Learned a level 6 spell: Statue Form
 41753 | Shoals:4 | Identified the amulet "Kunk" {Faith Fragile rF+++ Regen+
                  | Str-4}
 41853 | Shoals:4 | Reached skill level 1 in Earth Magic
 41926 | Shoals:4 | Reached skill level 21 in Unarmed Combat
 42080 | Shoals:4 | Got the Verses on Malediction and the Familiar
 42269 | Shoals:4 | Reached skill level 2 in Earth Magic
 42842 | Shoals:4 | Got a barnacled rune of Zot
 42873 | Shoals:4 | Identified a +1 robe of the Archmagi
 43711 | Elf:1    | Entered Level 1 of the Elven Halls
 43711 | Elf:1    | Found a runed translucent gate.
 43711 | Elf:1    | Found a runed translucent gate.
 43711 | Elf:1    | Found a runed translucent gate.
 43711 | Elf:1    | Found a runed translucent gate.
 43711 | Elf:1    | Found a runed translucent gate.
 43711 | Elf:1    | Found a runed translucent gate.
 43712 | Elf:1    | Found a runed translucent door.
 43717 | Elf:1    | Reached skill level 3 in Earth Magic
 43720 | Elf:1    | Found a runed translucent door.
 44327 | Elf:1    | Reached skill level 12 in Transmutations
 44343 | Elf:1    | Reached XP level 20. HP: 140/158 MP: 30/32
 44430 | Elf:1    | Paralysed by an air elemental for 1 turns
 44434 | Elf:1    | Reached skill level 4 in Earth Magic
 44612 | Elf:1    | Reached skill level 9 in Spellcasting
 45130 | Elf:1    | Found a shimmering blue altar of Sif Muna.
 45809 | Elf:2    | Reached skill level 5 in Earth Magic
 45829 | Elf:2    | Reached skill level 12 in Throwing
 45832 | Elf:2    | Found a crumbling gateway.
 45952 | Desolati | Entered the Desolation of Salt
 46203 | Desolati | Reached skill level 14 in Dodging
 46440 | Desolati | Identified the ring "Sebat" {rElec rN+ MP+9 Stlth-}
 46457 | Desolati | Reached skill level 6 in Earth Magic
 46459 | Desolati | Identified the amulet "Qamneppi" {rC+ Regen+}
 46649 | Desolati | Got Sif Muna's Secrets of the Misty Figure
 46840 | Desolati | Identified the ring "Degoj" {rPois Will+ Str+2 Int+2}
 46845 | Desolati | Got the Anthology of the Scorched Lungs
 46848 | Desolati | Got the Almanac of Transmuted Obstruction
 46962 | Desolati | Reached skill level 15 in Fighting
 47163 | Desolati | Reached skill level 7 in Earth Magic
 47213 | Desolati | Reached skill level 10 in Spellcasting
 47221 | Desolati | Got the Guidebook on the Earthen Chill
 47679 | Elf:2    | Paralysed by an air elemental for 1 turns
 47908 | Elf:2    | Reached skill level 8 in Earth Magic
 47962 | Elf:2    | Found a runed translucent gate.
 47963 | Elf:2    | Found a runed translucent gate.
 47963 | Elf:2    | Found a runed translucent gate.
 48197 | Elf:2    | Found Qenkargh's Book Emporium.
 48361 | Elf:3    | Entered Level 3 of the Elven Halls
 48436 | Elf:3    | Paralysed by an air elemental for 1 turns
 48466 | Elf:3    | Found a shimmering altar of Xom.
 48982 | Elf:3    | Reached skill level 9 in Earth Magic
 48994 | Elf:3    | Reached XP level 21. HP: 165/165 MP: 35/35
 49631 | Elf:2    | Reached skill level 10 in Earth Magic
 50433 | Elf:3    | Reached skill level 15 in Dodging
 50433 | Elf:3    | Paralysed by an air elemental for 1 turns
 50620 | Elf:3    | Identified the +6 trident "Odakuif" {distort, rN+}
 51072 | Elf:3    | Identified the +5 ring mail of Fedhas's Approval {rF+ rCorr
                  | Str+3}
 51081 | Elf:3    | Got the Elucidation of Peregrination and Despicable Secrets
 51109 | Elf:3    | Reached skill level 22 in Unarmed Combat
 51125 | Elf:3    | Identified the +6 shortbow of the Dwarven Hall {speed,
                  | Dex+6}
 51134 | Elf:3    | Identified the +0 helmet "Asmaghei" {Int+8 Dex+3}
 51138 | Elf:3    | Identified the +9 ring mail of the Fiend {Str+4}
 51145 | Elf:3    | Identified the +10 war axe of the Flying Bear {heavy, rPois
                  | rF+ Str+4}
 51180 | Elf:3    | Learned a level 3 spell: Vhi's Electric Charge
 51437 | Vaults:1 | Entered Level 1 of the Vaults
 51835 | Vaults:1 | Reached skill level 11 in Earth Magic
 52110 | Vaults:1 | Noticed Asterion
 52626 | Vaults:1 | Reached skill level 5 in Stealth
 52776 | Vaults:1 | Killed Asterion
 54114 | Vaults:2 | Reached skill level 12 in Earth Magic
 54673 | Vaults:2 | You are sucked into a shaft and drop 1 floor!
 54701 | Vaults:3 | Reached skill level 1 in Air Magic
 54846 | Vaults:3 | Reached skill level 11 in Spellcasting
 54888 | Vaults:3 | Reached skill level 6 in Stealth
 55196 | Vaults:3 | Reached skill level 2 in Air Magic
 55315 | Vaults:3 | Reached XP level 22. HP: 172/172 MP: 37/37
 55712 | Vaults:3 | Identified the +3 leather armour of Stoicism {rF+ rC- MP+9}
 56275 | Vaults:2 | Found a basalt altar of Yredelemnul.
 56276 | Vaults:2 | Found a staircase to the Crypt.
 56278 | Vaults:2 | Found an ancient bone altar of Kikubaaqudgha.
 56591 | Vaults:2 | Identified the +9 halberd of Goihuoj {drain, Fragile rElec
                  | rC+}
 56593 | Vaults:2 | Reached skill level 13 in Transmutations
 56593 | Vaults:2 | Reached skill level 3 in Air Magic
 57126 | Vaults:4 | Reached skill level 7 in Stealth
 57729 | Vaults:4 | Reached skill level 4 in Air Magic
 58447 | Vaults:4 | Found Nusupsum's Antique Armour Shop.
 58608 | Vaults:4 | Reached skill level 12 in Spellcasting
 58957 | Vaults:4 | Reached skill level 13 in Earth Magic
 59710 | Shoals:3 | Killed MineK's ghost
 59717 | Shoals:3 | Identified the +7 rapier "Jaelo" {drain, rElec}
 60140 | Crypt:1  | Entered Level 1 of the Crypt
 60189 | Crypt:1  | Identified a +0 robe of the Archmagi
 60195 | Crypt:1  | Reached skill level 5 in Air Magic
 60231 | Crypt:1  | Noticed a curse skull
 60240 | Crypt:1  | Killed a curse skull
 60271 | Crypt:1  | Noticed Khufu
 60313 | Crypt:1  | Killed Khufu
 60595 | Crypt:1  | Reached skill level 8 in Stealth
 60690 | Crypt:1  | Noticed a royal mummy
 60698 | Crypt:1  | Killed a royal mummy
 61111 | Crypt:1  | Noticed a curse skull
 61117 | Crypt:1  | Killed a curse skull
 61696 | Crypt:2  | Noticed Zenata
 62007 | Crypt:1  | Killed Zenata
 62286 | Crypt:2  | Noticed a curse skull
 62440 | Crypt:2  | Reached skill level 6 in Air Magic
 62440 | Crypt:2  | Reached XP level 23. HP: 150/179 MP: 35/39
 62445 | Crypt:1  | Killed a curse skull
 62777 | Crypt:2  | Acquired the +2 pair of gloves "Onoxecui" {+Inv Fly}
 63188 | Crypt:3  | Entered Level 3 of the Crypt
 63224 | Crypt:3  | Reached skill level 14 in Transmutations
 63259 | Crypt:3  | Reached skill level 23 in Unarmed Combat
 63690 | Crypt:3  | HP: 8/178 [caustic shrike zombie (13)]
 63969 | Crypt:3  | Reached skill level 13 in Spellcasting
 64046 | Crypt:3  | Reached skill level 9 in Stealth
 64068 | Crypt:3  | Identified the ring "Wokockab" {rElec rN+ SInv}
 65152 | Crypt:3  | Found a staircase to the Tomb.
 65238 | Crypt:3  | Noticed a curse toe
 65250 | Crypt:3  | Killed a curse toe
 65289 | Crypt:3  | Noticed an ancient lich
 65290 | Crypt:3  | Noticed an ancient lich
 65290 | Crypt:3  | Noticed a dread lich
 65364 | Crypt:3  | Killed an ancient lich
 65365 | Crypt:3  | Reached skill level 14 in Earth Magic
 65464 | Crypt:3  | Killed a dread lich
 65482 | Crypt:3  | Killed an ancient lich
 65497 | Crypt:3  | Identified the ring of Rotu {rC+ MP+9 Str-3 Dex+6 Slay+2}
 65499 | Crypt:3  | Identified the ring "Saawyl" {+Blink rF+ rN+ Int-3}
 65510 | Crypt:3  | Identified a +1 robe of the Archmagi
 65518 | Crypt:3  | Got the Vellum of Kinetic Charms
 65837 | Slime:1  | Entered Level 1 of the Pits of Slime
 66643 | Slime:2  | Reached skill level 10 in Stealth
 66991 | Slime:3  | Noticed Dissolution
 66992 | Slime:3  | Killed Dissolution
 66992 | Slime:3  | Reached skill level 14 in Spellcasting
 67016 | Slime:2  | Reached skill level 15 in Transmutations
 67994 | Slime:5  | Entered Level 5 of the Pits of Slime
 68348 | D:11     | Learned a level 8 spell: Necromutation
 68466 | Depths:1 | Entered Level 1 of the Depths
 68473 | Depths:1 | Reached skill level 1 in Necromancy
 68902 | Vaults:4 | Bought a runed buckler for 315 gold pieces
 68902 | Vaults:4 | Bought an embroidered cloak for 315 gold pieces
 69178 | Depths:1 | Reached skill level 2 in Necromancy
 69278 | Depths:1 | Found a gateway to Hell.
 69453 | Depths:1 | Learned a level 1 spell: Apportation
 69457 | Depths:1 | Learned a level 3 spell: Lesser Beckoning
 69470 | Depths:1 | Reached skill level 3 in Necromancy
 69564 | Depths:1 | Reached XP level 24. HP: 143/185 MP: 41/41
 69808 | Depths:1 | Reached skill level 4 in Necromancy
 70116 | Depths:1 | Reached skill level 5 in Necromancy
 70152 | Depths:1 | Found Adghofax's Antique Armour Shoppe.
 70155 | Depths:1 | Bought a distressingly furry hat for 297 gold pieces
 70155 | Depths:1 | Identified the +3 hat "Goulafiq" {rElec rC+ rCorr Str-4
                  | Int+6} (You bought it in a shop on level 1 of the Depths)
 70541 | Depths:1 | Found the +3 crown of Dyrovepreva {rElec Int+2 SInv}
 70544 | Depths:1 | Reached skill level 15 in Spellcasting
 70848 | Depths:2 | Reached skill level 6 in Necromancy
 71043 | Depths:2 | Reached skill level 24 in Unarmed Combat
 71323 | Depths:2 | Found a one-way gate leading to the halls of Pandemonium.
 71461 | Depths:2 | Reached skill level 7 in Necromancy
 71814 | Depths:2 | Identified the +5 ring mail "Sodghuop" {rF++ Will- Int+6}
 71817 | Depths:2 | Identified the +3 leather armour of Lethargy {rF- Will++
                  | rCorr Stlth+}
 71890 | Depths:2 | Found an iron altar of Okawaru.
 72308 | Depths:3 | Identified a +2 robe of resistance
 72308 | Depths:3 | Identified the ring of Xafack {Ice *Corrode Int+5 Slay+2}
 72308 | Depths:3 | Noticed Josephina
 72309 | Depths:3 | Reached skill level 8 in Necromancy
 72319 | Depths:3 | Killed Josephina
 72448 | Depths:3 | Noticed a juggernaut
 72448 | Depths:3 | Identified the +10 spear of Instant Death {protect, Int+5
                  | Dex+2 SInv}
 72455 | Depths:3 | Killed a juggernaut
 72797 | Depths:3 | Found a one-way gateway to a ziggurat.
 72808 | Depths:3 | Reached skill level 9 in Necromancy
 72860 | Depths:3 | Noticed Vv
 72894 | Depths:3 | HP: 6/185 [Vv (14)]
 72902 | Depths:3 | Killed Vv
 73651 | Depths:3 | Got the Spellbook of the Unholy Winter
 73685 | Depths:3 | Found a one-way gate to the infinite horrors of the Abyss.
 73822 | Depths:3 | Found Ofamae's Distillery.
 73830 | Depths:3 | Bought a potion of mutation for 104 gold pieces
 74332 | Depths:3 | Identified the +1 plate armour of Nehucioh {Will+}
 74451 | Depths:3 | Reached skill level 10 in Necromancy
 74476 | Depths:4 | Entered Level 4 of the Depths
 74827 | Depths:3 | HP: 15/184 [fire giant/+0 great sword of flaming (19)]
 75199 | Depths:4 | Found a gate to the Realm of Zot.
 75746 | Depths:4 | Reached skill level 11 in Necromancy
 76296 | Depths:4 | Reached skill level 13 in Throwing
 76463 | Depths:4 | Reached XP level 25. HP: 103/191 MP: 42/42
 77518 | Slime:5  | Noticed the Royal Jelly
 78099 | Slime:4  | Reached skill level 12 in Necromancy
 78735 | Slime:5  | Killed the Royal Jelly
 79356 | Slime:5  | Found the +5 robe of Night {Dark Will+ SInv}
 79364 | Slime:5  | Identified the ring "Zeteskar" {rC+ rCorr}
 79381 | Slime:5  | Identified the +6 rapier of the Horn {freeze, rC+ Str+7}
 79412 | Slime:5  | Identified the +8 hand axe "Foxua" {protect, Will+ MP+9}
 79421 | Slime:5  | Got Zynkob's Last Incunable of the Warlock
 79423 | Slime:5  | Got a slimy rune of Zot
 79438 | Slime:5  | Identified the +9 short sword of the Undead {freeze, rPois
                  | MP+9 Dex-2}
 81521 | Zot:1    | Entered Level 1 of the Realm of Zot
 82309 | Zot:1    | Reached skill level 13 in Necromancy
 82312 | Zot:1    | Reached skill level 25 in Unarmed Combat
 83526 | Zot:2    | Noticed a curse toe
 83791 | Zot:1    | Killed a curse toe
 84048 | Zot:2    | Reached skill level 14 in Throwing
 84407 | Zot:2    | HP: 15/191 [green draconian monk (15)]
 84407 | Zot:2    | HP: 7/191 [green draconian monk (8)]
 84408 | Zot:2    | HP: 3/191 [poisoned by a green draconian monk]
 84411 | Zot:2    | Reached skill level 14 in Necromancy
 85155 | Zot:2    | Noticed an orb of fire
 85163 | Zot:2    | Gained mutation: You occasionally lose the ability to read
                  | scrolls when taking damage. [an orb of fire]
 85180 | Zot:2    | Gained mutation: You are vulnerable to cold. (rC-) [an orb
                  | of fire]
 85533 | Zot:1    | Killed an orb of fire
 85571 | Zot:1    | Lost mutation: You occasionally lose the ability to read
                  | scrolls when taking damage. [potion of mutation]
 85571 | Zot:1    | Lost mutation: Your spells are a little easier to cast, but
                  | a little less powerful. [potion of mutation]
 85571 | Zot:1    | Lost mutation: You are vulnerable to cold. (rC-) [potion of
                  | mutation]
 85571 | Zot:1    | Gained mutation: Your tail ends in a venomous barb. [potion
                  | of mutation]
 85571 | Zot:1    | Gained mutation: You expend magic power (3 MP) to
                  | strengthen your wands. [potion of mutation]
 85571 | Zot:1    | Gained mutation: You have large cloven feet. [potion of
                  | mutation]
 86184 | Zot:2    | You are sucked into a shaft and drop 1 floor!
 86184 | Zot:3    | Noticed an electric golem
 86228 | Zot:3    | Killed an electric golem
 87417 | Zot:3    | Reached skill level 15 in Necromancy
 87703 | Zot:3    | Noticed an orb of fire
 87724 | Zot:3    | Gained mutation: Your spells are a little easier to cast,
                  | but a little less powerful. [an orb of fire]
 87729 | Zot:3    | Killed an orb of fire
 88310 | Zot:3    | Reached XP level 26. HP: 198/198 MP: 38/42
 88764 | Zot:3    | Identified the +6 whip of Gin and Tonic {flame, rPois rF+
                  | rCorr Int+2 Dex+2}
 88765 | Zot:3    | Got the Almanac of The Black Sun
 89218 | Zot:4    | Reached skill level 16 in Necromancy
 89698 | Zot:4    | Reached skill level 15 in Throwing
 90238 | Zot:5    | Entered Level 5 of the Realm of Zot
 90546 | Zot:5    | Reached skill level 16 in Transmutations
 90856 | Zot:5    | Reached skill level 26 in Unarmed Combat
 90982 | Zot:5    | Noticed an electric golem
 91008 | Zot:5    | Noticed a dread lich
 91015 | Zot:5    | Killed a dread lich
 91016 | Zot:5    | Reached skill level 17 in Necromancy
 91025 | Zot:5    | Killed an electric golem
 91034 | Zot:5    | Noticed an orb of fire
 91036 | Zot:5    | Noticed an orb of fire
 91036 | Zot:5    | Gained mutation: You occasionally lose the ability to drink
                  | potions when taking damage. [an orb of fire]
 91037 | Zot:5    | HP: 4/198 [orb of fire/bolt of fire (23)]
 91038 | Zot:5    | Noticed an orb of fire
 91038 | Zot:5    | Noticed an ancient lich
 91048 | Zot:5    | Gained mutation: You are weak. (Str -2) [an orb of fire]
 91049 | Zot:5    | HP: 14/198 [orb of fire/fireball (19)]
 91053 | Zot:5    | Noticed an orb of fire
 91056 | Zot:5    | Gained mutation: You are very frail. (-20% HP) [an orb of
                  | fire]
 91060 | Zot:5    | Noticed a curse toe
 91060 | Zot:5    | Noticed an ancient lich
 91065 | Zot:5    | Killed an orb of fire
 91074 | Zot:5    | Killed an orb of fire
 91078 | Zot:5    | Gained mutation: You occasionally lose the ability to read
                  | scrolls when taking damage. [an orb of fire]
 91082 | Zot:5    | Killed an orb of fire
 91352 | Zot:4    | Lost mutation: Your tail ends in a venomous barb. [potion
                  | of mutation]
 91352 | Zot:4    | Lost mutation: You are very frail. (-20% HP) [potion of
                  | mutation]
 91352 | Zot:4    | Gained mutation: You are somewhat resistant to further
                  | mutation. [potion of mutation]
 91352 | Zot:4    | Gained mutation: You have sharp fingernails. [potion of
                  | mutation]
 91353 | Zot:4    | Lost mutation: You are somewhat resistant to further
                  | mutation. [potion of mutation]
 91353 | Zot:4    | Lost mutation: You occasionally lose the ability to drink
                  | potions when taking damage. [potion of mutation]
 91353 | Zot:4    | Lost mutation: Your spells are a little easier to cast, but
                  | a little less powerful. [potion of mutation]
 91353 | Zot:4    | Gained mutation: You are agile. (Dex +4, Str/Int -1)
                  | [potion of mutation]
 91353 | Zot:4    | Gained mutation: Your flesh is cold resistant. (rC+)
                  | [potion of mutation]
 91354 | Zot:4    | Lost mutation: You occasionally lose the ability to read
                  | scrolls when taking damage. [potion of mutation]
 91354 | Zot:4    | Lost mutation: You are agile. (Dex +4, Str/Int -1) [potion
                  | of mutation]
 91354 | Zot:4    | Lost mutation: You are weak. (Str -2) [potion of mutation]
 91354 | Zot:4    | Gained mutation: Your magical capacity is low. (-10% MP)
                  | [potion of mutation]
 91354 | Zot:4    | Gained mutation: Your mind is acute. (Int +4, Str/Dex -1)
                  | [potion of mutation]
 91354 | Zot:4    | Gained mutation: You are very frail. (-20% HP) [potion of
                  | mutation]
 91355 | Zot:4    | Lost mutation: You have sharp fingernails. [potion of
                  | mutation]
 91355 | Zot:4    | Lost mutation: You have large cloven feet. [potion of
                  | mutation]
 91355 | Zot:4    | Lost mutation: You are very frail. (-20% HP) [potion of
                  | mutation]
 91355 | Zot:4    | Gained mutation: Your muscles are strong. (Str +4, Int/Dex
                  | -1) [potion of mutation]
 91447 | Zot:5    | Killed an ancient lich
 91452 | Zot:5    | Killed from afar by a yellow draconian annihilator

Vanquished Creatures
  Dissolution (Slime:3)
  the Royal Jelly (Slime:5)
  Khufu (Crypt:1)
  2 dread liches (Crypt:3 Zot:5)
  3 ancient liches (Crypt:3 Zot:5)
  4 orbs of fire (Zot:1 Zot:3 Zot:5)
  A juggernaut (Depths:3)
  A royal mummy (Crypt:1)
  Josephina (Depths:3)
  Vv (Depths:3)
  2 Killer Klowns (Zot:3 Zot:5)
  Vashnia (Snake:3)
  2 curse toes (Crypt:3 Zot:1)
  Nikola (Snake:1)
  The ghost of MineK the Eclecticist, an adept GnWn of Vehumet (Shoals:3)
  6 golden dragons (Depths:1 Zot:2 Zot:3 Zot:4)
  A bone dragon (Crypt:3)
  2 electric golems (Zot:3 Zot:5)
  A shard shrike skeleton (Crypt:1)
  19 tentacled monstrosities (Depths:3 Depths:4 Zot:1 Zot:2 Zot:3)
  Mlioglotl (Snake:1)
  Zenata (Crypt:1)
  A titan (Vaults:3)
  10 Orb Guardians (Zot:5)
  Asterion (Vaults:1)
  2 liches (Crypt:3 Depths:1)
  9 quicksilver dragons (Depths:4 Zot:1 Zot:2 Zot:3 Zot:4)
  4 deep elf master archers (Elf:3)
  6 deep elf blademasters (Elf:3 Elf:2 Depths:2)
  7 ancient champions (Crypt:1 Crypt:2 Crypt:3)
  22 acid blobs (Slime:1 Slime:2 Slime:3 Slime:5 Slime:4)
  Frances (Snake:1)
  7 death cobs (Zot:2 Zot:1 Zot:3 Zot:4)
  2 sphinxes (Vaults:3 Depths:2)
  6 shadow dragons (Depths:4 Zot:1 Zot:3 Zot:4 Zot:5)
  2 tengu reavers (Depths:3 Depths:4)
  13 storm dragons (Depths:3 Depths:4 Zot:1 Zot:3 Zot:4)
  8 draconian monks (Zot:1 Zot:2 Zot:3 Zot:4 Zot:5)
  Roxanne (Snake:3)
  6 nagarajas (Snake:3 Snake:4)
  4 revenants (Crypt:1 Crypt:3)
  3 draconian knights (Zot:1 Zot:3 Zot:4)
  A daeva (Depths:3)
  3 imperial myrmidons (Desolation)
  12 azure jellies (Slime:1 Slime:2 Slime:4 Slime:5)
  11 vault wardens (Vaults:1 Vaults:2 Vaults:3 Vaults:4)
  The ghost of PyroL the Alchemist, an adept OpTm of Gozag (Shoals:1)
  9 frost giants (IceCv Vaults:2 Vaults:4 Depths:2 Depths:3)
  12 rockslimes (Slime:2 Slime:4 Slime:5)
  4 fire giants (Depths:1 Depths:2 Depths:3 Depths:4)
  7 ghost moths (Zot:2 Zot:3 Zot:4 Zot:5)
  An iron dragon (Depths:3)
  7 deep elf sorcerers (Elf:1 Elf:2 Elf:3)
  3 curse skulls (Crypt:1)
  4 draconian stormcallers (Zot:2 Zot:4 Zot:5)
  2 caustic shrike zombies (Crypt:3)
  5 draconian scorchers (Depths:4 Zot:1 Zot:2 Zot:3)
  6 orc warlords (Orc:2 Vaults:2 Depths:2)
  Aizul (Snake:4)
  3 draconian shifters (Zot:4 Zot:5)
  16 ironbound preservers (Vaults:1 Vaults:2 Vaults:3 Vaults:4)
  3 deep elf elementalists (Elf:3)
  A juggernaut skeleton (Crypt:1)
  A spriggan defender (Depths:3)
  An angel (Depths:3)
  2 war gargoyles (Vaults:2 Vaults:4)
  13 ghouls (Crypt:1 Crypt:2 Crypt:3)
  5 quicksilver oozes (Slime:2 Slime:4 Slime:5)
  A reaper (Depths:3)
  9 ironbound thunderhulks (Vaults:1 Vaults:3 Vaults:2 Vaults:4)
  14 very ugly things (Vaults:2 Depths:2 Depths:3)
  5 draconian annihilators (Zot:1 Zot:2 Zot:3)
  13 stone giants (Vaults:1 Depths:1 Depths:2 Depths:3 Depths:4)
  2 demonspawn black suns (Zot:3)
  13 green draconians (Depths:4 Zot:1 Zot:2 Zot:3 Zot:4)
  5 vampire knights (Crypt:1 Depths:1 Depths:3 Depths:4)
  5 deep elf demonologists (Elf:3)
  9 deep elf annihilators (Elf:1 Elf:2 Elf:3 Vaults:2)
  A minotaur (Gauntlet)
  12 white draconians (Zot:1 Zot:2 Zot:3 Zot:4)
  11 black draconians (Zot:2 Zot:3 Zot:4 Zot:5)
  A lorocyproca (Depths:2)
  15 dire elephants (Lair:5 Vaults:1 Vaults:2 Vaults:3)
  12 yellow draconians (Depths:4 Zot:1 Zot:2 Zot:3 Zot:4)
  8 red draconians (Depths:3 Zot:1 Zot:2 Zot:3 Zot:4)
  4 halazid warlocks (Desolation)
  9 purple draconians (Depths:4 Zot:1 Zot:2 Zot:3 Zot:4)
  5 spark wasps (Depths:1 Depths:2)
  7 fire dragons (Depths:1 Depths:2 Depths:3 Depths:4)
  2 eidola (Crypt:1 Crypt:3)
  4 merfolk javelineers (Shoals:4)
  5 deep elf death magi (Elf:3 Vaults:2 Crypt:1)
  7 merfolk impalers (Shoals:2 Shoals:3 Shoals:4)
  3 ettins (Depths:1 Depths:2 Depths:4)
  8 jiangshi (Crypt:2 Crypt:1 Crypt:3)
  10 yaktaur captains (Vaults:1 Vaults:2 Vaults:3 Vaults:4)
  A blizzard demon (Depths:3)
  7 crystal guardians (Vaults:2 Depths:1)
  2 entropy weavers (Vaults:2 Vaults:4)
  5 rakshasas (D:14 D:15 Depths:1 Depths:2)
  A deep elf high priest (Elf:3)
  10 great orbs of eyes (D:15 Vaults:2 Vaults:4 Slime:4 Slime:5)
  4 ragged hierophants (Desolation)
  7 servants of whispers (Desolation)
  The ghost of jejorda2 the Impaler, a journeyman MfBe of Trog (D:11)
  8 hydras (Lair:1 Lair:5 D:13 D:14 D:15)
  9 peacekeepers (Elf:2 Desolation Vaults:4 Vaults:2)
  2 ogre magi (D:14 D:15)
  6 ice dragons (Depths:3 Depths:4)
  A jorogumo (shapeshifter) (Depths:3)
  2 hell beasts (Depths:3)
  4 salamander tyrants (Snake:3 Snake:4)
  7 vault guards (Bailey D:14 Vaults:1 Vaults:2 Vaults:4)
  5 merfolk avatars (Shoals:4)
  A spriggan skeleton (Crypt:3)
  2 centaur warriors (D:15)
  3 death knights (Crypt:1 Crypt:3)
  3 spriggan air magi (Depths:1 Depths:2 Depths:4)
  6 anacondas (Snake:1 Snake:3 Snake:4)
  Erica (D:8)
  4 ironbound frosthearts (Vaults:1 Vaults:2 Vaults:3 Vaults:4)
  14 dancing weapons (Elf:1 Elf:2 Elf:3)
  3 two-headed ogres (D:11 D:15)
  8 boulder beetles (D:11 D:12 D:13 D:14 D:15)
  A satyr (Shoals:4)
  15 death yaks (IceCv Lair:3 Lair:5)
  3 merfolk aquamancers (Shoals:2 Shoals:3 Shoals:4)
  3 titan zombies (Crypt:2 Crypt:3)
  8 tengu warriors (D:14 Depths:1 Depths:4)
  5 deep troll shamans (Depths:1 Depths:4)
  8 deep troll earth magi (Depths:1 Depths:4)
  5 shock serpents (Snake:2 Snake:4)
  2 vampire magi (Crypt:2 Crypt:3)
  A spectral dire elephant (Lair:5)
  2 thrashing horrors (Gauntlet)
  4 hell knights (Depths:3 Depths:4)
  16 naga sharpshooters (Snake:1 Snake:3 Snake:4)
  6 naga warriors (Snake:4)
  Sonja (D:10)
  17 deep elf knights (Elf:1 Elf:2 Elf:3)
  7 orc high priests (Orc:2 Elf:1 Elf:2 Elf:3)
  A soul eater (Crypt:3)
  A sun demon (Depths:2)
  A titan skeleton (Crypt:2)
  10 salamander mystics (Snake:3 Snake:4)
  2 spectral death yaks (Lair:5)
  A shadow wraith (Crypt:3)
  14 skeletal warriors (D:13 Crypt:1 Crypt:3)
  A storm dragon skeleton (Depths:3)
  10 iron trolls (Depths:1 Depths:3 Depths:4)
  A ghost moth zombie (Crypt:2)
  A spectral anaconda (Lair:5)
  35 deep trolls (Vaults:1 Vaults:3 Vaults:2 Vaults:4 Depths:1)
  A glowing orange brain (Depths:1)
  11 sea snakes (Shoals:1 Shoals:2 Shoals:4)
  8 naga ritualists (Snake:1 Snake:3 Snake:4)
  4 flayed ghosts (Crypt:2 Crypt:3 Depths:3)
  7 bog bodies (Crypt:1 Crypt:2 Crypt:3)
  2 bunyip skeletons (Crypt:1 Crypt:3)
  18 deep elf archers (Elf:1 Elf:2 Elf:3 Depths:2)
  18 ironbound convokers (Desolation Vaults:1 Vaults:3 Vaults:2 Vaults:4)
  An orange crystal statue (Depths:1)
  4 wizards (D:15 Elf:1 Vaults:4 Depths:2)
  An obsidian statue (Lair:5)
  25 deep elf zephyrmancers (Elf:1 Elf:2 Elf:3)
  11 orc knights (D:15 D:10 Orc:1 Orc:2 Depths:2)
  21 harpies (Shoals:2 Shoals:4 Vaults:1 Vaults:2 Vaults:3)
  5 lindwurms (Vaults:1)
  9 necromancers (Lair:5 Vaults:1 Vaults:4 Crypt:1 Crypt:3)
  8 phantasmal warriors (Vaults:1 Vaults:4 Crypt:1 Crypt:3 Depths:1)
  24 deep elf pyromancers (D:15 Elf:1 Elf:2 Elf:3)
  20 ugly things (D:12 D:15 Vaults:4 Depths:2 Depths:3)
  A cyclops (shapeshifter) (Vaults:4)
  8 cyclopes (D:10 D:12 D:14 Shoals:4)
  A stone giant zombie (Vaults:1)
  3 shining eyes (Slime:2 Slime:5)
  9 mana vipers (Snake:1 Snake:3 Snake:4)
  5 manticores (D:14 Shoals:4)
  7 orc sorcerers (Orc:1 Orc:2 Elf:1)
  13 salamanders (Snake:1 Snake:2 Snake:3 Snake:4)
  A centaur zombie (Crypt:3)
  9 elephants (D:11 Lair:5)
  6 guardian serpents (Desolation)
  8 merfolk sirens (Shoals:1 Shoals:2 Shoals:3 Shoals:4)
  17 vault sentinels (Vaults:1 Vaults:2 Vaults:3 Vaults:4)
  A dire elephant zombie (Crypt:1)
  A frost giant skeleton (Depths:3)
  40 black mambas (Lair:2 Lair:3 Lair:5 Snake:1 Snake:2)
  5 water nymphs (Shoals:2 Shoals:3 Shoals:4)
  An ice statue (IceCv)
  An orange demon (Depths:2)
  2 eyes of devastation (Slime:5 Slime:4)
  31 moths of wrath (D:11 Gauntlet Zot:1 Zot:2 Zot:3)
  A torpor snail (shapeshifter) (Depths:1)
  A torpor snail (Lair:4)
  A red draconian zombie (Crypt:1)
  14 naga magi (Snake:1 Snake:2 Snake:3 Snake:4)
  A kobold demonologist (D:14)
  11 cane toads (D:11 Lair:1 Lair:2 Lair:3 Lair:4)
  Maggie (D:7)
  A yaktaur zombie (Vaults:4)
  39 yaktaurs (Vaults:1 Vaults:2 Vaults:3 Vaults:4)
  A minotaur zombie (Crypt:2)
  An anaconda simulacrum (Crypt:1)
  3 efreet (D:13 D:14 D:15)
  A death yak skeleton (Crypt:1)
  5 tengu conjurers (D:14 Depths:3 Depths:4)
  3 rime drakes (IceCv Lair:3 Lair:4)
  10 komodo dragons (D:11 Lair:1 Lair:2 Lair:3 Lair:4)
  An unseen horror skeleton (Crypt:1)
  An ice devil (Depths:2)
  A human skeleton (Vaults:4)
  5 guardian mummies (Crypt:3)
  29 merfolk (Shoals:1 Shoals:2 Shoals:3 Shoals:4)
  A mana viper zombie (Crypt:2)
  A golden dragon simulacrum (Crypt:3)
  3 harpy zombies (Shoals:2)
  8 wind drakes (Shoals:3 Shoals:4)
  3 meliai (D:14)
  5 trolls (D:12 D:13 Orc:2 Elf:2)
  12 polar bears (IceCv Lair:3 Lair:5)
  2 sphinx simulacra (Vaults:4 Depths:3)
  A moth of wrath zombie (Crypt:3)
  A queen bee (shapeshifter) (Elf:2)
  60 saltlings (Desolation)
  A shadow dragon simulacrum (Depths:3)
  Prince Ribbit (Bailey)
  8 blink frogs (Lair:1 Lair:5)
  A hydra skeleton (Crypt:3)
  2 spectral elephants (Lair:5)
  5 dream sheep (Lair:5)
  A frost giant simulacrum (Depths:3)
  10 snapping turtles (Lair:3 Shoals:1 Shoals:2 Shoals:3 Shoals:4)
  120 slime creatures (D:12 D:13 D:14 D:15 Vaults:1)
  An ettin skeleton (Vaults:1)
  2 shadows (D:11)
  48 yaks (D:10 D:11 Lair:1 IceCv Lair:2)
  15 water elementals (D:15 Shoals:1 Shoals:2 Shoals:3 Shoals:4)
  2 wyverns (D:9 Lair:5)
  Eustachio (D:4)
  5 wraiths (D:11 Crypt:1 Crypt:2)
  4 vampires (D:9 D:12)
  3 air elementals (Elf:2 Elf:3)
  8 basilisks (D:11 Lair:3 Lair:4 Lair:1 D:14)
  5 golden eyes (Slime:2)
  5 humans (Bailey)
  A chaos spawn (Depths:2)
  A human (shapeshifter) (D:13)
  4 steam dragons (D:7 D:8)
  5 redbacks (Gauntlet Vaults:2 Vaults:4)
  9 vampire mosquitoes (D:10 D:12 D:14)
  2 death yak simulacra (Lair:5)
  A redback (shapeshifter) (Vaults:2)
  5 wargs (Orc:2 Orc:1 Elf:1)
  46 nagas (Lair:2 Snake:1 Snake:2 Snake:3 Snake:4)
  2 spectral cane toads (Lair:5)
  2 acid dragons (D:11)
  Edmund (D:5)
  8 water moccasins (D:6 Lair:1 Lair:2 Lair:3 Lair:5)
  A floating eye (shapeshifter) (D:15)
  A floating eye (Slime:5)
  A naga skeleton (Crypt:3)
  A glowing shapeshifter skeleton (Vaults:1)
  A black bear (Lair:1)
  A sky beast (D:7)
  2 dream sheep zombies (Crypt:2 Crypt:3)
  51 orc warriors (D:8 D:11 D:12 D:15 D:10)
  A manticore zombie (Crypt:2)
  12 ogres (D:5 D:6 D:15 Orc:2 Orc:1)
  27 wolves (IceCv Lair:5 Gauntlet)
  A blink frog zombie (Crypt:3)
  3 boggarts (Elf:1 Vaults:4)
  7 centaurs (D:8 D:10 D:15)
  A phantom (D:7)
  3 elephant skeletons (Lair:5)
  A komodo dragon zombie (Crypt:1)
  3 small abominations (Gauntlet)
  Blork the orc (D:5)
  19 bullfrogs (D:6 Bailey D:7 D:8 Lair:2)
  4 kobold brigands (D:6 D:7 D:8)
  2 cane toad simulacra (Lair:5)
  2 gnoll sergeants (D:8 D:9)
  A necrophage (Crypt:2)
  3 earth elementals (Elf:1 Elf:2)
  4 scorpions (D:5 D:6)
  A wyvern skeleton (D:5)
  A cyclops skeleton (Crypt:3)
  12 wights (D:6 D:9)
  2 elephant simulacra (Lair:5)
  6 killer bees (D:7)
  A queen bee zombie (Crypt:1)
  A raiju zombie (Crypt:3)
  3 vampire bats (D:5)
  A warg skeleton (Crypt:1)
  A howler monkey (D:4)
  5 electric eels (Lair:1 D:15)
  A black bear zombie (Crypt:3)
  A bullfrog zombie (D:5)
  2 hounds (D:5 D:6)
  11 jellies (Lair:4)
  A gnoll bouda (D:4)
  15 orc priests (D:5 D:8 D:11 Orc:1 Orc:2)
  2 centaur skeletons (D:5)
  Natasha (thrice) (D:4)
  An iguana (D:5)
  22 orc wizards (D:4 D:7 D:8 D:11 D:12)
  6 hell rats (Lair:3)
  A killer bee zombie (Crypt:2)
  A hound skeleton (Crypt:3)
  9 mummies (Crypt:1 Crypt:3)
  12 gnolls (D:4 D:5 Bailey D:8 D:9)
  6 adders (D:2 D:3 D:4 D:5)
  A steam dragon zombie (Crypt:1)
  A white imp (D:8)
  An ufetubus (D:4)
  2 worms (D:2 D:3)
  The ghost of Esekla the Sneak, a weakling OpDe (D:5)
  4 dart slugs (D:1 D:2 D:5)
  71 orcs (D:3 D:4 D:5 D:6 D:7)
  6 ball pythons (D:1 D:2 D:3)
  6 bats (D:1 D:2 D:3)
  2 bat skeletons (D:5)
  7 bat zombies (D:5 Shoals:2 Crypt:1)
  4 endoplasms (D:1 D:3 Lair:4)
  3 giant cockroaches (D:1 D:2 D:3)
  7 goblins (D:1 D:2 D:7)
  9 hobgoblins (D:1 D:2 D:3 D:4 Bailey)
  24 kobolds (D:1 D:2 D:3 D:4 D:6)
  3 quokkas (D:1 D:4)
  4 frilled lizards (D:1 D:3)
  A hobgoblin skeleton (Crypt:2)
  A quokka skeleton (Crypt:3)
  10 rats (D:1 D:2)
  2 rat skeletons (Crypt:1 Crypt:2)
2195 creatures vanquished.

Vanquished Creatures (collateral kills)
  An orb of fire (Zot:5)
  An azure jelly (Slime:5)
  2 red draconians (Zot:5)
  A vault guard (Bailey)
  An orc knight (Orc:1)
  An eye of devastation (Slime:5)
  2 slime creatures (Slime:5)
  An orc warrior (Orc:1)
  An orc (Orc:1)
11 creatures vanquished.

Vanquished Creatures (others)
  A stone giant (Depths:4)
  A vampire knight (Depths:3)
  A yellow draconian (Zot:1)
  A deep elf knight (Elf:1)
  A wizard (Vaults:2)
  A yaktaur (Vaults:2)
  A glowing shapeshifter skeleton (Depths:3)
  A glowing shapeshifter simulacrum (Depths:3)
  An orc (Orc:2)
  24 demonic plants (Gauntlet)
  35 fungi (Lair:2 Lair:3 Lair:5 Orc:2 Elf:2)
  43 plants (Lair:3 Lair:4 Lair:5 Snake:1 Shoals:2)
  16 withered plants (Lair:5)
127 creatures vanquished.

Grand Total: 2333 creatures vanquished

Table legend: (Time is in decaauts)
 A = Elapsed time spent in this place.
 B = Non-inter-level travel time spent in this place.
 C = Inter-level travel time spent in this place.
 D = Time resting spent in this place.
 E = Time spent auto-exploring this place.
 F = Levels seen in this place.
 G = Mean time per level.
                   A        B        C        D        E       F      G
               +--------+--------+--------+--------+--------+-----+--------+
         Total |  90513 |  82075 |   8438 |  24737 |  40341 |  59 | 1534.1 |
       Dungeon |  19365 |  16340 |   3025 |   2371 |  10307 |  15 | 1291.0 |
        Temple |    238 |    201 |     37 |      0 |    188 |   1 |  238.0 |
          Lair |   8324 |   7044 |   1280 |   1800 |   3837 |   5 | 1664.8 |
        Shoals |   5543 |   5295 |    248 |   1753 |   2723 |   4 | 1385.8 |
     Snake Pit |   7983 |   7388 |    595 |   2614 |   3463 |   4 | 1995.8 |
    Slime Pits |   4830 |   4385 |    445 |   1453 |   1957 |   5 |  966.0 |
  Orcish Mines |   2047 |   1769 |    278 |    522 |    793 |   2 | 1023.5 |
   Elven Halls |   5993 |   5500 |    493 |   2157 |   2077 |   3 | 1997.7 |
        Vaults |   8952 |   7859 |   1093 |   1789 |   4684 |   4 | 2238.0 |
         Crypt |   5284 |   5136 |    148 |   1990 |   2143 |   3 | 1761.3 |
        Depths |   8457 |   7968 |    489 |   3387 |   3216 |   4 | 2114.2 |
           Zot |   9120 |   8817 |    303 |   3617 |   3626 |   5 | 1824.0 |
        Bailey |    791 |    791 |      0 |    341 |    132 |   1 |  791.0 |
      Ice Cave |   1379 |   1379 |      0 |    443 |    455 |   1 | 1379.0 |
    Desolation |   1342 |   1342 |      0 |    401 |    313 |   1 | 1342.0 |
      Gauntlet |    859 |    859 |      0 |     95 |    426 |   1 |  859.0 |
               +--------+--------+--------+--------+--------+-----+--------+

Top non-repeatable levels by time:
   Zot:1: 3165 daAuts
Vaults:1: 2722 daAuts
Depths:3: 2654 daAuts
  Lair:5: 2629 daAuts
 Snake:4: 2546 daAuts
    D:11: 2495 daAuts
 Snake:3: 2445 daAuts
Depths:4: 2289 daAuts
Vaults:3: 2282 daAuts
 Slime:4: 2227 daAuts
 Crypt:1: 2220 daAuts
   Zot:3: 2118 daAuts
   Elf:1: 2109 daAuts
Shoals:4: 2085 daAuts
Vaults:2: 2084 daAuts

Table legend:
 A = Non-vault XP
 B = Vault XP
 C = Vault XP percentage of total XP
 D = Non-vault monster count
 E = Vault monster count
 F = Vault count percentage of total count
                 A         B        C        D         E       F
            +---------+---------+-------+---------+---------+-------
      Total |  788499 |  514619 |  39.5 |    1474 |     719 |  32.8
            +---------+---------+-------+---------+---------+-------
        D:1 |      43 |       0 |   0.0 |      24 |       0 |   0.0
        D:2 |      42 |       0 |   0.0 |      16 |       0 |   0.0
        D:3 |      45 |       0 |   0.0 |      15 |       0 |   0.0
        D:4 |     354 |     240 |  40.4 |      23 |       2 |   8.0
        D:5 |     563 |     647 |  53.5 |      17 |      16 |  48.5
        D:6 |    1277 |       0 |   0.0 |      27 |       0 |   0.0
        D:7 |    1279 |     383 |  23.0 |      22 |       5 |  18.5
        D:8 |    1098 |     742 |  40.3 |      27 |       1 |   3.6
        D:9 |     835 |       0 |   0.0 |      10 |       0 |   0.0
       D:10 |    3649 |     782 |  17.6 |      18 |       1 |   5.3
       D:11 |    4436 |    2912 |  39.6 |      24 |       9 |  27.3
       D:12 |    6862 |       0 |   0.0 |      23 |       0 |   0.0
       D:13 |    5402 |    4096 |  43.1 |      14 |       6 |  30.0
       D:14 |    8648 |    3819 |  30.6 |      20 |       7 |  25.9
       D:15 |   12093 |    4880 |  28.8 |      30 |       8 |  21.1
     Lair:1 |    4645 |     395 |   7.8 |      15 |       5 |  25.0
     Lair:2 |    3894 |     329 |   7.8 |      17 |       2 |  10.5
     Lair:3 |    6965 |     387 |   5.3 |      23 |       2 |   8.0
     Lair:4 |    4056 |     478 |  10.5 |      16 |      13 |  44.8
     Lair:5 |   13807 |   15662 |  53.1 |      36 |      34 |  48.6
   Shoals:1 |    4036 |    1267 |  23.9 |      10 |       1 |   9.1
   Shoals:2 |   11562 |     916 |   7.3 |      26 |       5 |  16.1
   Shoals:3 |    6967 |    2464 |  26.1 |      19 |       1 |   5.0
   Shoals:4 |    9581 |   22409 |  70.1 |      21 |      36 |  63.2
    Snake:1 |   12261 |    5841 |  32.3 |      26 |       3 |  10.3
    Snake:2 |    4601 |       0 |   0.0 |       9 |       0 |   0.0
    Snake:3 |   19868 |   11450 |  36.6 |      39 |      15 |  27.8
    Snake:4 |   21979 |   27589 |  55.7 |      42 |      49 |  53.8
    Slime:1 |    5360 |       0 |   0.0 |       8 |       0 |   0.0
    Slime:2 |   22241 |       0 |   0.0 |      50 |       0 |   0.0
    Slime:3 |    4632 |    7609 |  62.2 |      14 |       1 |   6.7
    Slime:4 |   15785 |    5038 |  24.2 |      28 |       4 |  12.5
    Slime:5 |    9282 |   16789 |  64.4 |      14 |      11 |  44.0
      Orc:1 |    4891 |       0 |   0.0 |      36 |       0 |   0.0
      Orc:2 |    5169 |    9548 |  64.9 |      47 |      29 |  38.2
      Elf:1 |   25743 |    9734 |  27.4 |      43 |      15 |  25.9
      Elf:2 |   20688 |    9054 |  30.4 |      38 |       9 |  19.1
      Elf:3 |   17852 |   32767 |  64.7 |      32 |      27 |  45.8
   Vaults:1 |   35171 |   16052 |  31.3 |      57 |      25 |  30.5
   Vaults:2 |   24610 |   18527 |  42.9 |      36 |      21 |  36.8
   Vaults:3 |   18061 |   13448 |  42.7 |      25 |      19 |  43.2
   Vaults:4 |   25452 |   17912 |  41.3 |      39 |      26 |  40.0
    Crypt:1 |   31819 |   10763 |  25.3 |      41 |       5 |  10.9
    Crypt:2 |   14887 |       0 |   0.0 |      25 |       0 |   0.0
    Crypt:3 |   30324 |   31167 |  50.7 |      43 |      26 |  37.7
   Depths:1 |   40121 |    6247 |  13.5 |      46 |       7 |  13.2
   Depths:2 |   16392 |   15097 |  47.9 |      18 |      20 |  52.6
   Depths:3 |   27263 |   35703 |  56.7 |      32 |      27 |  45.8
   Depths:4 |   34032 |   12559 |  27.0 |      36 |      13 |  26.5
      Zot:1 |   50246 |       0 |   0.0 |      40 |       0 |   0.0
      Zot:2 |   33303 |       0 |   0.0 |      28 |       0 |   0.0
      Zot:3 |   45371 |   12613 |  21.8 |      39 |       8 |  17.0
      Zot:4 |   33314 |   15323 |  31.5 |      27 |      12 |  30.8
      Zot:5 |   25642 |   46052 |  64.2 |      23 |      17 |  42.5
     Bailey |       0 |    3770 | 100.0 |       0 |      23 | 100.0
      IceCv |       0 |   14608 | 100.0 |       0 |      49 | 100.0
 Desolation |       0 |   42039 | 100.0 |       0 |      91 | 100.0
   Gauntlet |       0 |    4512 | 100.0 |       0 |      13 | 100.0
            +---------+---------+-------+---------+---------+-------
